 Dungeon Crawl Stone Soup version 0.29.0-4-gdea44cf6ec (webtiles) character file.

Game seed: 13445434911149671367

39082 qw the Brawler (level 13, -13/34 (124) HPs)
             Began as a Troll Cinder Acolyte on Sept 1, 2022.
             Was an Initiate of Okawaru.
             Killed from afar by an oklob plant (27 damage)
             ... with a splash of acid
             ... on level 4 of the Lair of Beasts.
             The game lasted 00:21:45 (38864 turns).

qw the Brawler (Troll Cinder Acolyte)              Turns: 38864, Time: 00:21:46

HP:   -13/34 (124)  AC: 20    Str: 29    XL:     13   Next: 67%
MP:   15/15         EV: 11    Int:  7    God:    Okawaru [......]
Gold: 1051          SH: 10    Dex:  7    Spells: 14/14 levels left

rFire   x . .      SeeInvis +     - Unarmed
rCold   + + .      Faith    .   h - +0 kite shield
rNeg    . . .      Spirit   .   d - +8 ice dragon scales of Sif Muna's Regard {rPois rF- rC++ Int-3 Dex+2 Slay+2}
rPois   +          Reflect  .   (helmet restricted)
rElec   .          Harm     .   (no cloak)
rCorr   .          Rampage  .   (gloves unavailable)
Will    .....                   (boots unavailable)
Stlth   ..........              (no amulet)
HPRegen 0.91/turn               n - ring of see invisible
MPRegen 0.14/turn               i - +4 ring of evasion

@: extremely drained, bezotted
A: large, unfitting armour, claws 3, regeneration 1, shaggy fur 1, tough skin 1
a: Renounce Religion


You were on level 4 of the Lair of Beasts.
You worshipped Okawaru.
Okawaru was noncommittal.
You visited 3 branches of the dungeon, and saw 15 of its levels.

You collected 1051 gold pieces.


Innate Abilities, Weirdness & Mutations

You are too large for most types of armour.
You have claws for hands.
Your natural rate of healing is unusually fast.
You are covered in fur. (AC +1)
You have tough skin. (AC +1)


   Skills:
 - Level 7.1 Fighting
 - Level 1.2 Throwing
 - Level 4.0 Armour
 - Level 2.0 Dodging
 - Level 11.5 Shields
 + Level 17.2 Unarmed Combat
 - Level 1.0 Spellcasting
 - Level 2.1 Fire Magic
 - Level 4.3 Invocations


You had 14 spell levels left.
You didn't know any spells.
Your spell library contained the following spells:

 Spells                   Type           Power      Damage    Failure   Level
 Scorch                   Fire           6%         2d5       73%         2

Inventory:

Armour
 d - the +8 ice dragon scales of Sif Muna's Regard (worn) {rPois rF- rC++ Int-3 Dex+2 Slay+2}
   (You acquired it on level 3 of the Dungeon)

   Int:       It affects your intelligence (-3).
   Dex:       It affects your dexterity (+2).
   Slay:      It affects your accuracy & damage with ranged weapons and melee
   (+2).
   rF:        It makes you vulnerable to fire.
   rC:        It greatly protects you from cold.
   rPois:     It protects you from poison.
 h - a +0 kite shield (worn)
Jewellery
 i - a +4 ring of evasion (right claw)
 k - a ring of ice
 n - a ring of see invisible (left claw)
Scrolls
 b - 2 scrolls of enchant armour
 e - 4 scrolls of identify
 j - 2 scrolls of enchant weapon
Potions
 a - a potion of curing
 c - 3 potions of might
 f - 4 potions of mutation
 g - 2 potions of heal wounds

Dungeon Overview and Level Annotations

Branches:
Dungeon (9/15)             Temple (1/1) D:5            Lair (5/5) D:9 Zot: 806
 Shoals (0/4) Lair:3        Snake (0/4) Lair:3          Orc (0/2) D:9
  Slime: Lair:4-5

Altars:
Ashenzari
Cheibriados
Fedhas
Makhleb
Nemelex Xobeh
Okawaru
Qazlal
Ru
Sif Muna
Trog
Vehumet
Wu Jian
Xom
Yredelemnul

Shops:
D:2 (   D:8 :

Annotations:
Lair:4 3 runed translucent doors, qw's ghost, journeyman TrCA


Message History

Really rest while Zot is near?
Really rest while Zot is near?
Really rest while Zot is near?
Really rest while Zot is near?
Really rest while Zot is near?
Really rest while Zot is near?
Really rest while Zot is near?
Really rest while Zot is near?
Really rest while Zot is near?
Really rest while Zot is near?
Really rest while Zot is near?
Really rest while Zot is near?
You are no longer corroded.
Really rest while Zot is near?
Really rest while Zot is near?
Really rest while Zot is near?
Really rest while Zot is near?
Really rest while Zot is near?
Really rest while Zot is near?
Really rest while Zot is near?
Really rest while Zot is near?
Really rest while Zot is near?
Really rest while Zot is near?
Really rest while Zot is near?
Really rest while Zot is near?
Really rest while Zot is near?
The oklob plant spits acid at you. You block the splash of acid.
38859 ||| Stepping ~*~*~tactically~*~*~ (outnumbered).
38861 ||| Stepping ~*~*~tactically~*~*~ (outnumbered).
The oklob plant spits acid at you. The splash of acid misses you.
38863 ||| Stepping ~*~*~tactically~*~*~ (outnumbered).
The oklob plant spits acid at you. The splash of acid hits you!!
Ouch! That really hurt!
The oklob plant spits acid at you. The splash of acid hits you!!
Ouch! That really hurt!
You die...

...........# ##.......#
...#......## #......##
...##.....# ##.7..#.# ######
....#.[.(.# 7777######.##.###
#...#....#777 ##...........
.........77.7777777 7............
#.......#7.7.7 P$$777............
..!.....777.77 7._$77......#.###.
#........7.7.777@.$77.##...#####.
.........7.77.7..7P77#.#..#####..
....P.....77.7.777 77###..###....
....#....7777.77 77.##..##....¤
.......<##7777777777...........~¤
...............................~#
....#.........(.......?...#....~~
..........................##...¤#
....#...............#####P##..¤~¤


You could see 2 oklob plants.

Vanquished Creatures
  A catoblepas (Lair:1)
  Erolcha (D:9)
  2 boulder beetles
  A two-headed ogre (D:9)
  2 hydras
  7 death yaks (D:9)
  5 black mambas
  A merfolk siren (Lair:3)
  21 elephants
  10 cane toads
  Maggie (Lair:1)
  5 komodo dragons
  5 rime drakes
  2 polar bears
  A troll (D:9)
  Prince Ribbit (D:5)
  A queen bee (Lair:3)
  Grinder (D:4)
  7 dream sheep (Lair:4)
  7 blink frogs
  7 fire elementals (Lair:4)
  A wyvern (D:7)
  26 yaks
  Eustachio (D:5)
  5 basilisks
  4 steam dragons
  Menkaure (D:4)
  A warg (D:9)
  11 water moccasins
  Duvessa (D:4)
  5 orc warriors
  2 sky beasts
  An ice beast (D:8)
  An ogre (D:7)
  8 wolves (Lair:3)
  4 centaurs
  A phantom (D:4)
  A kobold brigand (D:9)
  2 necrophages (D:7)
  13 bullfrogs
  2 gnoll sergeants
  5 scorpions
  A wight (D:7)
  Dowan (D:4)
  25 killer bees (Lair:3)
  3 gnoll boudas
  2 hounds (D:4)
  A jelly (D:7)
  7 orc priests
  3 iguanas
  10 orc wizards
  7 hell rats
  Robin (D:3)
  27 gnolls
  9 adders
  A river rat (Lair:3)
  2 shadow imps
  A white imp (D:5)
  2 ufetubi (D:6)
  A worm (D:3)
  3 dart slugs (D:1)
  40 orcs
  6 endoplasms
  2 giant cockroaches
  16 goblins
  13 hobgoblins
  3 jackals (D:2)
  3 quokkas
  9 ball pythons
  5 bats
  4 frilled lizards
  13 kobolds
  7 rats
413 creatures vanquished.

Vanquished Creatures (others)
  39 fungi
  39 plants
  4 withered plants (Lair:4)
82 creatures vanquished.

Grand Total: 495 creatures vanquished

Notes
Turn   | Place    | Note
-------+----------+-------------------------------------------
     0 | D:1      | qw the Troll Cinder Acolyte began the quest for the Orb.
     0 | D:1      | Reached XP level 1. HP: 22/22 MP: 1/1
     0 | D:1      | 0 ||| qw: Version: 0.1-a-97-g2dd2ca4
     0 | D:1      | 0 ||| qw: Game counter: 4862
     0 | D:1      | 0 ||| qw: Always use a shield: true
     0 | D:1      | 0 ||| qw: God list: Okawaru
     0 | D:1      | 0 ||| qw: Allow faded altars: false
     0 | D:1      | 0 ||| qw: Do Orc after D:15 true
     0 | D:1      | 0 ||| qw: Do second Lair branch before Depths: true
     0 | D:1      | 0 ||| qw: Lair rune preference: random
     0 | D:1      | 0 ||| qw: Plans: Normal
     0 | D:1      | 0 ||| PLANNING D:1-11
   182 | D:1      | Reached XP level 2. HP: 29/29 MP: 2/2
   448 | D:1      | Reached skill level 4 in Unarmed Combat
   867 | D:1      | Reached XP level 3. HP: 36/36 MP: 3/3
   941 | D:1      | 941 ||| READING scroll labelled KOEDEM YDEA.
   942 | D:1      | 942 ||| READING scroll labelled LUKUMI GOUTTO.
   943 | D:1      | 943 ||| READING 3 scrolls labelled QAUF CEEROSK.
   944 | D:1      | 944 ||| READING scroll labelled REMOAF MUES.
   945 | D:1      | 945 ||| READING 2 scrolls of identify.
   945 | D:1      | 945 ||| IDENTIFYING green potion
   979 | D:2      | 979 ||| Stepping ~*~*~tactically~*~*~ (stealth).
  1003 | D:2      | 1003 ||| Stepping ~*~*~tactically~*~*~ (stealth).
  1223 | D:2      | 1223 ||| Stepping ~*~*~tactically~*~*~ (stealth).
  1230 | D:2      | 1230 ||| Stepping ~*~*~tactically~*~*~ (outnumbered).
  1231 | D:2      | 1231 ||| Stepping ~*~*~tactically~*~*~ (outnumbered).
  1232 | D:2      | 1232 ||| Stepping ~*~*~tactically~*~*~ (outnumbered).
  1233 | D:2      | 1233 ||| Stepping ~*~*~tactically~*~*~ (outnumbered).
  1234 | D:2      | 1234 ||| Stepping ~*~*~tactically~*~*~ (outnumbered).
  1235 | D:2      | 1235 ||| Stepping ~*~*~tactically~*~*~ (outnumbered).
  1236 | D:2      | 1236 ||| Stepping ~*~*~tactically~*~*~ (outnumbered).
  1237 | D:2      | 1237 ||| Stepping ~*~*~tactically~*~*~ (outnumbered).
  1259 | D:2      | 1259 ||| Stepping ~*~*~tactically~*~*~ (stealth).
  1329 | D:2      | Found Memau's Antique Weapon Shop.
  1333 | D:2      | 1333 ||| INVOKING Fiery Armour.
  1335 | D:2      | Reached XP level 4. HP: 44/44 MP: 4/4
  1338 | D:2      | Reached skill level 5 in Unarmed Combat
  1526 | D:2      | 1526 ||| Stepping ~*~*~tactically~*~*~ (stealth).
  1534 | D:2      | Found a faded altar of an unknown god.
  1858 | D:2      | 1858 ||| DROPPING scarf of shadows.
  1859 | D:2      | 1859 ||| READING scroll labelled FUEC HURIEGYU.
  1960 | D:2      | 1960 ||| READING scroll labelled TIRAAL FOELOAG.
  1961 | D:2      | 1961 ||| READING scroll labelled PIQUBR FYXUKO.
  1962 | D:2      | 1962 ||| READING scroll labelled LINAZI IRPHICA.
  1963 | D:2      | 1963 ||| DRINKING 2 bubbling black potions.
  1964 | D:2      | 1964 ||| DRINKING 2 glowing blue potions.
  1965 | D:2      | 1965 ||| DRINKING 3 fizzy grey potions.
  1966 | D:2      | 1966 ||| READING 2 scrolls of identify.
  1966 | D:2      | 1966 ||| IDENTIFYING black potion
  1967 | D:2      | 1967 ||| DROPPING potion of brilliance.
  1968 | D:2      | 1968 ||| DROPPING potion of degeneration.
  1983 | D:3      | Noticed a scorpion
  1989 | D:3      | Killed a scorpion
  1990 | D:3      | Reached skill level 6 in Unarmed Combat
  1990 | D:3      | Reached XP level 5. HP: 43/50 MP: 5/5
  1990 | D:3      | 1990 ||| FLEEEEING.
  1992 | D:3      | 1992 ||| FLEEEEING.
  1993 | D:3      | 1993 ||| STAIRDANCE
  2025 | D:3      | 2025 ||| Stepping ~*~*~tactically~*~*~ (hiding).
  2029 | D:3      | 2029 ||| INVOKING Fiery Armour.
  2078 | D:3      | Noticed Robin
  2079 | D:3      | 2079 ||| Stepping ~*~*~tactically~*~*~ (stealth).
  2080 | D:3      | 2080 ||| Stepping ~*~*~tactically~*~*~ (stealth).
  2082 | D:3      | 2082 ||| Stepping ~*~*~tactically~*~*~ (hiding).
  2085 | D:3      | 2085 ||| Stepping ~*~*~tactically~*~*~ (outnumbered).
  2086 | D:3      | 2086 ||| Stepping ~*~*~tactically~*~*~ (outnumbered).
  2095 | D:3      | Killed Robin
  2098 | D:3      | 2098 ||| Stepping ~*~*~tactically~*~*~ (outnumbered).
  2128 | D:3      | 2128 ||| Stepping ~*~*~tactically~*~*~ (stealth).
  2129 | D:3      | 2129 ||| Stepping ~*~*~tactically~*~*~ (stealth).
  2136 | D:3      | 2136 ||| Stepping ~*~*~tactically~*~*~ (stealth).
  2137 | D:3      | 2137 ||| Stepping ~*~*~tactically~*~*~ (stealth).
  2338 | D:3      | Found a basalt altar of Yredelemnul.
  2338 | D:3      | Found a faded altar of an unknown god.
  2346 | D:3      | Found a sacrificial altar of Ru.
  2348 | D:3      | Found a shimmering blue altar of Sif Muna.
  2350 | D:3      | Found a burning altar of Makhleb.
  2574 | D:3      | 2574 ||| READING scroll labelled LEHOMM NECOBANYQU.
  2575 | D:3      | 2575 ||| READING scroll labelled PYGANUEDIN.
  2575 | D:3      | Identified a scroll of acquirement
  2575 | D:3      | 2575 ||| ACQUIRING +8 ice dragon scales of Sif Muna's
                  | Regard {rPois rF- rC++ Int-3 Dex+2 Slay+2}
  2575 | D:3      | Acquired the +8 ice dragon scales of Sif Muna's Regard
                  | {rPois rF- rC++ Int-3 Dex+2 Slay+2}
  2577 | D:3      | 2577 ||| UPGRADING to +8 ice dragon scales of Sif Muna's
                  | Regard {rPois rF- rC++ Int-3 Dex+2 Slay+2}.
  2587 | D:3      | 2587 ||| DROPPING +0 robe.
  2588 | D:3      | 2588 ||| READING 2 scrolls of identify.
  2588 | D:3      | 2588 ||| IDENTIFYING bubbling golden potion
  2589 | D:3      | 2589 ||| DROPPING potion of ambrosia.
  2670 | D:4      | Noticed Duvessa
  2671 | D:4      | Noticed Dowan
  2672 | D:4      | 2672 ||| INVOKING Fiery Armour.
  2679 | D:4      | 2679 ||| STAIRDANCE
  2687 | D:4      | 2687 ||| STAIRDANCE
  2687 | D:4      | Killed Duvessa
  2688 | D:4      | Reached skill level 1 in Armour
  2688 | D:4      | Reached XP level 6. HP: 59/59 MP: 6/6
  2695 | D:4      | Killed Dowan
  2696 | D:4      | Reached skill level 7 in Unarmed Combat
  2696 | D:4      | 2696 ||| STAIRDANCE
  2753 | D:4      | Found a radiant altar of Vehumet.
  2806 | D:4      | Reached XP level 7. HP: 66/66 MP: 7/7
  2882 | D:4      | Reached skill level 8 in Unarmed Combat
  2882 | D:4      | 2882 ||| Stepping ~*~*~tactically~*~*~ (stealth).
  2884 | D:4      | 2884 ||| FLEEEEING.
  2885 | D:4      | 2885 ||| FLEEEEING.
  2886 | D:4      | 2886 ||| FLEEEEING.
  2887 | D:4      | 2887 ||| Stepping ~*~*~tactically~*~*~ (hiding).
  2899 | D:4      | 2899 ||| Stepping ~*~*~tactically~*~*~ (outnumbered).
  2904 | D:4      | Reached skill level 3 in Fighting
  2942 | D:4      | Found a bloodstained altar of Trog.
  2992 | D:4      | Noticed Grinder
  2996 | D:4      | Noticed Menkaure
  2997 | D:4      | 2997 ||| INVOKING Fiery Armour.
  2998 | D:4      | Killed Grinder
  3001 | D:4      | Killed Menkaure
  3002 | D:4      | Reached skill level 9 in Unarmed Combat
  3002 | D:4      | Reached XP level 8. HP: 75/75 MP: 8/8
  3023 | D:4      | Found a broken altar of Ashenzari.
  3086 | D:4      | 3086 ||| Stepping ~*~*~tactically~*~*~ (stealth).
  3095 | D:4      | 3095 ||| Stepping ~*~*~tactically~*~*~ (outnumbered).
  3123 | D:4      | 3123 ||| Stepping ~*~*~tactically~*~*~ (stealth).
  3304 | D:4      | Identified the +6 mace of Linearity {spect, Str+3 Dex+3
                  | Stlth+}
  3405 | D:4      | Reached skill level 1 in Throwing
  3434 | D:4      | Reached skill level 1 in Dodging
  3540 | D:4      | Found an ornate altar of the Wu Jian Council.
  3540 | D:4      | Found a shimmering altar of Xom.
  3564 | D:4      | 3564 ||| READING 2 scrolls labelled FANIOG JEIP.
  3565 | D:4      | 3565 ||| READING scroll labelled SEOMPURHYJE.
  3569 | D:4      | 3569 ||| READING scroll labelled VIHEUT POVEEP.
  3604 | D:4      | 3604 ||| DROPPING scroll of poison.
  3638 | D:5      | Entered Level 5 of the Dungeon
  3638 | D:5      | Found a staircase to the Ecumenical Temple.
  3640 | D:5      | 3640 ||| INVOKING Fiery Armour.
  3642 | D:5      | 3642 ||| Stepping ~*~*~tactically~*~*~ (outnumbered).
  3646 | D:5      | 3646 ||| Stepping ~*~*~tactically~*~*~ (outnumbered).
  3647 | D:5      | 3647 ||| Stepping ~*~*~tactically~*~*~ (outnumbered).
  3648 | D:5      | 3648 ||| Stepping ~*~*~tactically~*~*~ (outnumbered).
  3739 | D:5      | Found a sparkling altar of Nemelex Xobeh.
  3761 | D:5      | Noticed Prince Ribbit
  3764 | D:5      | 3764 ||| Stepping ~*~*~tactically~*~*~ (stealth).
  3774 | D:5      | Killed Prince Ribbit
  3775 | D:5      | Reached skill level 10 in Unarmed Combat
  3779 | D:5      | 3779 ||| Stepping ~*~*~tactically~*~*~ (hiding).
  3864 | D:5      | Noticed Eustachio
  3884 | D:5      | Killed Eustachio
  4036 | D:5      | 4036 ||| READING 3 scrolls of identify.
  4036 | D:5      | 4036 ||| IDENTIFYING fuming silvery potion
  4037 | D:5      | 4037 ||| READING 2 scrolls of identify.
  4037 | D:5      | 4037 ||| IDENTIFYING smoky puce potion
  4038 | D:5      | 4038 ||| DROPPING potion of attraction.
  4039 | D:5      | 4039 ||| DROPPING potion of lignification.
  4212 | D:6      | 4212 ||| Stepping ~*~*~tactically~*~*~ (hiding).
  4214 | D:6      | 4214 ||| Stepping ~*~*~tactically~*~*~ (hiding).
  4229 | D:6      | Reached XP level 9. HP: 84/84 MP: 9/9
  4381 | D:6      | Found a stormy altar of Qazlal.
  4383 | D:6      | 4383 ||| Stepping ~*~*~tactically~*~*~ (cloud).
  4391 | D:6      | 4391 ||| INVOKING Fiery Armour.
  4392 | D:6      | Reached skill level 11 in Unarmed Combat
  4392 | D:6      | 4392 ||| Stepping randomly (cloudy).
  4393 | D:6      | 4393 ||| Stepping ~*~*~tactically~*~*~ (hiding).
  4405 | D:6      | 4405 ||| Stepping ~*~*~tactically~*~*~ (stealth).
  4406 | D:6      | 4406 ||| Stepping ~*~*~tactically~*~*~ (stealth).
  4411 | D:6      | 4411 ||| Stepping ~*~*~tactically~*~*~ (stealth).
  4413 | D:6      | 4413 ||| Stepping ~*~*~tactically~*~*~ (stealth).
  4884 | D:7      | 4884 ||| Stepping ~*~*~tactically~*~*~ (stealth).
  4885 | D:7      | 4885 ||| Stepping ~*~*~tactically~*~*~ (stealth).
  4886 | D:7      | 4886 ||| Stepping ~*~*~tactically~*~*~ (stealth).
  4887 | D:7      | 4887 ||| Stepping ~*~*~tactically~*~*~ (hiding).
  4890 | D:7      | 4890 ||| Stepping ~*~*~tactically~*~*~ (hiding).
  4891 | D:7      | 4891 ||| Stepping ~*~*~tactically~*~*~ (outnumbered).
  4892 | D:7      | 4892 ||| Stepping ~*~*~tactically~*~*~ (outnumbered).
  4893 | D:7      | 4893 ||| INVOKING Fiery Armour.
  4894 | D:7      | 4894 ||| Stepping ~*~*~tactically~*~*~ (outnumbered).
  4897 | D:7      | 4897 ||| Stepping ~*~*~tactically~*~*~ (outnumbered).
  4898 | D:7      | 4898 ||| Stepping ~*~*~tactically~*~*~ (outnumbered).
  4899 | D:7      | 4899 ||| Stepping ~*~*~tactically~*~*~ (outnumbered).
  4902 | D:7      | 4902 ||| Stepping ~*~*~tactically~*~*~ (outnumbered).
  4904 | D:7      | 4904 ||| Stepping ~*~*~tactically~*~*~ (outnumbered).
  4960 | D:7      | 4960 ||| Stepping ~*~*~tactically~*~*~ (stealth).
  4965 | D:7      | 4965 ||| Stepping ~*~*~tactically~*~*~ (outnumbered).
  4967 | D:7      | 4967 ||| Stepping ~*~*~tactically~*~*~ (outnumbered).
  5029 | D:7      | 5029 ||| Stepping ~*~*~tactically~*~*~ (stealth).
  5031 | D:7      | 5031 ||| Stepping ~*~*~tactically~*~*~ (stealth).
  5037 | D:7      | Reached skill level 12 in Unarmed Combat
  5050 | D:7      | 5050 ||| Stepping ~*~*~tactically~*~*~ (stealth).
  5123 | D:7      | Found a snail-covered altar of Cheibriados.
  5172 | D:7      | Reached skill level 3 in Armour
  5185 | D:7      | 5185 ||| Stepping ~*~*~tactically~*~*~ (hiding).
  5219 | D:7      | 5219 ||| Stepping ~*~*~tactically~*~*~ (stealth).
  5221 | D:7      | 5221 ||| Stepping ~*~*~tactically~*~*~ (stealth).
  5230 | D:7      | 5230 ||| Stepping ~*~*~tactically~*~*~ (outnumbered).
  5451 | D:7      | Found a flagged portal.
  5549 | D:7      | 5549 ||| UPGRADING to +0 kite shield.
  5554 | D:7      | 5554 ||| DRINKING 2 coppery potions.
  5555 | D:7      | 5555 ||| READING 2 scrolls of identify.
  5555 | D:7      | 5555 ||| IDENTIFYING viscous coppery potion
  5556 | D:7      | 5556 ||| DROPPING potion of magic.
  5600 | D:8      | 5600 ||| Stepping ~*~*~tactically~*~*~ (outnumbered).
  5602 | D:8      | 5602 ||| Stepping ~*~*~tactically~*~*~ (outnumbered).
  5603 | D:8      | 5603 ||| STAIRDANCE
  5608 | D:7      | Reached skill level 1 in Shields
  5661 | D:8      | 5661 ||| Stepping ~*~*~tactically~*~*~ (stealth).
  5662 | D:8      | 5662 ||| Stepping ~*~*~tactically~*~*~ (stealth).
  5663 | D:8      | 5663 ||| Stepping ~*~*~tactically~*~*~ (stealth).
  5667 | D:8      | 5667 ||| Stepping ~*~*~tactically~*~*~ (stealth).
  5668 | D:8      | 5668 ||| Stepping ~*~*~tactically~*~*~ (stealth).
  5670 | D:8      | 5670 ||| Stepping ~*~*~tactically~*~*~ (hiding).
  5734 | D:8      | 5734 ||| Stepping ~*~*~tactically~*~*~ (stealth).
  5735 | D:8      | 5735 ||| Stepping ~*~*~tactically~*~*~ (stealth).
  5754 | D:8      | Found Luheth's Book Emporium.
  5783 | D:8      | 5783 ||| Stepping ~*~*~tactically~*~*~ (stealth).
  5785 | D:8      | 5785 ||| Stepping ~*~*~tactically~*~*~ (hiding).
  5786 | D:8      | 5786 ||| Stepping ~*~*~tactically~*~*~ (hiding).
  5788 | D:8      | 5788 ||| Stepping ~*~*~tactically~*~*~ (stealth).
  5790 | D:8      | 5790 ||| Stepping ~*~*~tactically~*~*~ (hiding).
  5841 | D:8      | 5841 ||| Stepping ~*~*~tactically~*~*~ (hiding).
  5842 | D:8      | 5842 ||| Stepping ~*~*~tactically~*~*~ (hiding).
  5843 | D:8      | 5843 ||| Stepping ~*~*~tactically~*~*~ (hiding).
  5844 | D:8      | 5844 ||| Stepping ~*~*~tactically~*~*~ (hiding).
  5845 | D:8      | 5845 ||| Stepping ~*~*~tactically~*~*~ (hiding).
  5847 | D:8      | 5847 ||| Stepping ~*~*~tactically~*~*~ (outnumbered).
  5851 | D:8      | 5851 ||| Stepping ~*~*~tactically~*~*~ (outnumbered).
  5853 | D:8      | Reached skill level 3 in Shields
  5910 | D:8      | Reached XP level 10. HP: 94/96 MP: 10/10
  6107 | D:8      | 6107 ||| UPGRADING to ring of ice.
  6108 | D:8      | 6108 ||| READING scroll labelled VITWOI EBOKH.
  6109 | D:8      | 6109 ||| READING 2 scrolls of identify.
  6109 | D:8      | 6109 ||| IDENTIFYING brown potion
  6110 | D:8      | 6110 ||| DROPPING potion of berserk rage.
  6132 | D:9      | 6132 ||| DRINKING 2 potions of curing.
  6132 | D:9      | 6132 ||| (to cure confusion)
  6147 | D:9      | 6147 ||| Stepping ~*~*~tactically~*~*~ (stealth).
  6149 | D:9      | 6149 ||| Stepping ~*~*~tactically~*~*~ (stealth).
  6154 | D:9      | 6154 ||| Stepping ~*~*~tactically~*~*~ (stealth).
  6176 | D:9      | 6176 ||| Stepping ~*~*~tactically~*~*~ (stealth).
  6183 | D:9      | 6183 ||| Stepping ~*~*~tactically~*~*~ (stealth).
  6187 | D:9      | Found a staircase to the Orcish Mines.
  6204 | D:9      | Noticed a death yak
  6204 | D:9      | Noticed a death yak
  6205 | D:9      | 6205 ||| INVOKING Fiery Armour.
  6207 | D:9      | Noticed a death yak
  6208 | D:9      | Noticed a death yak
  6209 | D:9      | 6209 ||| Stepping ~*~*~tactically~*~*~ (stealth).
  6211 | D:9      | Noticed a death yak
  6212 | D:9      | 6212 ||| Stepping ~*~*~tactically~*~*~ (stealth).
  6214 | D:9      | Killed a death yak
  6218 | D:9      | 6218 ||| Stepping ~*~*~tactically~*~*~ (outnumbered).
  6219 | D:9      | 6219 ||| Stepping ~*~*~tactically~*~*~ (outnumbered).
  6220 | D:9      | 6220 ||| Stepping ~*~*~tactically~*~*~ (outnumbered).
  6220 | D:9      | Noticed a death yak
  6221 | D:9      | Noticed a death yak
  6222 | D:9      | 6222 ||| Stepping ~*~*~tactically~*~*~ (outnumbered).
  6223 | D:9      | Killed a death yak
  6224 | D:9      | Reached skill level 6 in Shields
  6225 | D:9      | 6225 ||| Stepping ~*~*~tactically~*~*~ (outnumbered).
  6225 | D:9      | Found a staircase to the Lair.
  6226 | D:9      | 6226 ||| Stepping ~*~*~tactically~*~*~ (outnumbered).
  6231 | D:9      | Killed a death yak
  6245 | D:9      | Killed a death yak
  6251 | D:9      | Killed a death yak
  6259 | D:9      | Killed a death yak
  6260 | D:9      | Reached skill level 9 in Shields
  6260 | D:9      | Reached XP level 11. HP: 46/102 MP: 11/11
  6261 | D:9      | HP: 22/102 [death yak (11)]
  6262 | D:9      | 6262 ||| READING 3 scrolls of teleportation.
  6263 | D:9      | 6263 ||| DRINKING 2 potions of heal wounds.
  6264 | D:9      | 6264 ||| DRINKING potion of heal wounds.
  6266 | D:9      | Killed a death yak
  6328 | D:9      | 6328 ||| Stepping ~*~*~tactically~*~*~ (stealth).
  6410 | D:9      | Noticed Erolcha
  6411 | D:9      | 6411 ||| Stepping ~*~*~tactically~*~*~ (hiding).
  6413 | D:9      | 6413 ||| INVOKING Fiery Armour.
  6417 | D:9      | Killed Erolcha
  6589 | D:9      | 6589 ||| Stepping ~*~*~tactically~*~*~ (stealth).
  6591 | D:9      | 6591 ||| Stepping ~*~*~tactically~*~*~ (stealth).
  6602 | D:9      | Noticed a two-headed ogre
  6604 | D:9      | 6604 ||| Stepping ~*~*~tactically~*~*~ (stealth).
  6608 | D:9      | Killed a two-headed ogre
  6609 | D:9      | Reached skill level 13 in Unarmed Combat
  6672 | D:9      | 6672 ||| DRINKING 2 potions of curing.
  6672 | D:9      | 6672 ||| (to cure confusion)
  6757 | D:9      | Found an iron altar of Okawaru.
  7005 | D:9      | 7005 ||| PLANNING LAIR
  7005 | D:9      | 7005 ||| UPGRADING to +4 ring of evasion.
  7006 | D:9      | 7006 ||| READING 3 scrolls of identify.
  7006 | D:9      | 7006 ||| IDENTIFYING bubbling inky potion
  7007 | D:9      | 7007 ||| DROPPING potion of invisibility.
  7045 | Lair:1   | Entered Level 1 of the Lair of Beasts
  7147 | Lair:1   | 7147 ||| Stepping ~*~*~tactically~*~*~ (hiding).
  7250 | Lair:1   | Identified the +11 rapier "Hyriv" {flame, rElec rF++ Str+3}
  7251 | Lair:1   | Noticed Maggie
  7259 | Lair:1   | Killed Maggie
  7267 | Lair:1   | 7267 ||| INVOKING Fiery Armour.
  7300 | Lair:1   | Noticed a catoblepas
  7311 | Lair:1   | Killed a catoblepas
  7432 | Lair:1   | Reached skill level 14 in Unarmed Combat
  7760 | Lair:2   | Noticed a boulder beetle
  7768 | Lair:2   | 7768 ||| INVOKING Fiery Armour.
  7811 | Lair:2   | Killed a boulder beetle
  7880 | Lair:2   | Reached skill level 6 in Fighting
  7884 | Lair:2   | 7884 ||| INVOKING Fiery Armour.
  7890 | Lair:2   | 7890 ||| Stepping ~*~*~tactically~*~*~ (outnumbered).
  7937 | Lair:2   | Reached XP level 12. HP: 114/114 MP: 12/12
  7999 | Lair:2   | 7999 ||| Stepping ~*~*~tactically~*~*~ (outnumbered).
  8000 | Lair:2   | 8000 ||| Stepping ~*~*~tactically~*~*~ (outnumbered).
  8002 | Lair:2   | 8002 ||| Stepping ~*~*~tactically~*~*~ (outnumbered).
  8007 | Lair:2   | 8007 ||| Stepping ~*~*~tactically~*~*~ (outnumbered).
  8261 | Lair:2   | 8261 ||| Stepping ~*~*~tactically~*~*~ (stealth).
  8265 | Lair:2   | 8265 ||| Stepping ~*~*~tactically~*~*~ (stealth).
  8272 | Lair:2   | 8272 ||| Stepping ~*~*~tactically~*~*~ (outnumbered).
  8553 | Lair:2   | Reached skill level 15 in Unarmed Combat
  8571 | Lair:2   | 8571 ||| UPGRADING to ring of see invisible.
  8573 | Lair:2   | 8573 ||| READING scroll labelled FOAQ UHIDY.
  8574 | Lair:2   | 8574 ||| READING 2 scrolls of identify.
  8574 | Lair:2   | 8574 ||| IDENTIFYING blue potion
  8654 | Lair:3   | 8654 ||| Stepping ~*~*~tactically~*~*~ (stealth).
  8655 | Lair:3   | 8655 ||| Stepping ~*~*~tactically~*~*~ (stealth).
  8656 | Lair:3   | 8656 ||| Stepping ~*~*~tactically~*~*~ (stealth).
  8657 | Lair:3   | 8657 ||| Stepping ~*~*~tactically~*~*~ (stealth).
  8805 | Lair:3   | 8805 ||| Stepping ~*~*~tactically~*~*~ (hiding).
  8818 | Lair:3   | Found a staircase to the Shoals.
  8835 | Lair:3   | 8835 ||| INVOKING Fiery Armour.
  8836 | Lair:3   | 8836 ||| Stepping ~*~*~tactically~*~*~ (outnumbered).
  8837 | Lair:3   | 8837 ||| Stepping ~*~*~tactically~*~*~ (outnumbered).
  8839 | Lair:3   | 8839 ||| Stepping ~*~*~tactically~*~*~ (outnumbered).
  8840 | Lair:3   | 8840 ||| Stepping ~*~*~tactically~*~*~ (outnumbered).
  8841 | Lair:3   | 8841 ||| Stepping ~*~*~tactically~*~*~ (outnumbered).
  8842 | Lair:3   | 8842 ||| Stepping ~*~*~tactically~*~*~ (outnumbered).
  8843 | Lair:3   | 8843 ||| Stepping ~*~*~tactically~*~*~ (outnumbered).
  8844 | Lair:3   | 8844 ||| Stepping ~*~*~tactically~*~*~ (outnumbered).
  8845 | Lair:3   | 8845 ||| Stepping ~*~*~tactically~*~*~ (outnumbered).
  8846 | Lair:3   | 8846 ||| Stepping ~*~*~tactically~*~*~ (outnumbered).
  8847 | Lair:3   | 8847 ||| Stepping ~*~*~tactically~*~*~ (outnumbered).
  8848 | Lair:3   | 8848 ||| Stepping ~*~*~tactically~*~*~ (outnumbered).
  8849 | Lair:3   | 8849 ||| Stepping ~*~*~tactically~*~*~ (outnumbered).
  8850 | Lair:3   | 8850 ||| Stepping ~*~*~tactically~*~*~ (outnumbered).
  8851 | Lair:3   | 8851 ||| Stepping ~*~*~tactically~*~*~ (outnumbered).
  8852 | Lair:3   | 8852 ||| Stepping ~*~*~tactically~*~*~ (outnumbered).
  8853 | Lair:3   | 8853 ||| Stepping ~*~*~tactically~*~*~ (outnumbered).
  8854 | Lair:3   | 8854 ||| Stepping ~*~*~tactically~*~*~ (outnumbered).
  8855 | Lair:3   | 8855 ||| Stepping ~*~*~tactically~*~*~ (outnumbered).
  8856 | Lair:3   | 8856 ||| Stepping ~*~*~tactically~*~*~ (outnumbered).
  8857 | Lair:3   | 8857 ||| Stepping ~*~*~tactically~*~*~ (outnumbered).
  8858 | Lair:3   | 8858 ||| Stepping ~*~*~tactically~*~*~ (outnumbered).
  8859 | Lair:3   | 8859 ||| Stepping ~*~*~tactically~*~*~ (outnumbered).
  8923 | Lair:3   | 8923 ||| FLEEEEING.
  8924 | Lair:3   | 8924 ||| FLEEEEING.
  8925 | Lair:3   | 8925 ||| FLEEEEING.
  8926 | Lair:3   | 8926 ||| FLEEEEING.
  8927 | Lair:3   | 8927 ||| FLEEEEING.
  8928 | Lair:3   | 8928 ||| FLEEEEING.
  8929 | Lair:3   | 8929 ||| FLEEEEING.
  8950 | Lair:3   | 8950 ||| Stepping ~*~*~tactically~*~*~ (hiding).
  9084 | Lair:3   | 9084 ||| PLANNING CONVERSION TO OKAWARU
  9089 | Lair:3   | 9089 ||| READING 2 scrolls of teleportation.
  9092 | Lair:3   | 9092 ||| READING scroll of teleportation.
  9100 | Lair:3   | 9100 ||| Stepping ~*~*~tactically~*~*~ (outnumbered).
  9101 | Lair:3   | 9101 ||| Stepping ~*~*~tactically~*~*~ (outnumbered).
  9102 | Lair:3   | 9102 ||| Stepping ~*~*~tactically~*~*~ (outnumbered).
  9105 | Lair:3   | 9105 ||| Stepping ~*~*~tactically~*~*~ (outnumbered).
  9106 | Lair:3   | 9106 ||| Stepping ~*~*~tactically~*~*~ (outnumbered).
  9111 | Lair:3   | 9111 ||| Stepping ~*~*~tactically~*~*~ (outnumbered).
  9113 | Lair:3   | 9113 ||| Stepping ~*~*~tactically~*~*~ (outnumbered).
  9114 | Lair:3   | 9114 ||| Stepping ~*~*~tactically~*~*~ (outnumbered).
  9116 | Lair:3   | 9116 ||| Stepping ~*~*~tactically~*~*~ (outnumbered).
  9120 | Lair:3   | 9120 ||| Stepping ~*~*~tactically~*~*~ (outnumbered).
  9121 | Lair:3   | 9121 ||| Stepping ~*~*~tactically~*~*~ (outnumbered).
  9293 | D:9      | Fell from the grace of Ignis
  9293 | D:9      | Became a worshipper of Warmaster Okawaru
  9294 | D:9      | 9294 ||| PLANNING LAIR
  9367 | Lair:3   | 9367 ||| DRINKING potion of cancellation.
  9452 | Lair:3   | 9452 ||| Stepping ~*~*~tactically~*~*~ (stealth).
  9463 | Lair:3   | 9463 ||| FLEEEEING.
  9464 | Lair:3   | 9464 ||| FLEEEEING.
  9465 | Lair:3   | 9465 ||| FLEEEEING.
  9476 | Lair:3   | 9476 ||| FLEEEEING.
  9477 | Lair:3   | 9477 ||| FLEEEEING.
  9478 | Lair:3   | 9478 ||| FLEEEEING.
  9480 | Lair:3   | 9480 ||| FLEEEEING.
  9481 | Lair:3   | 9481 ||| FLEEEEING.
  9482 | Lair:3   | 9482 ||| FLEEEEING.
  9483 | Lair:3   | 9483 ||| FLEEEEING.
  9484 | Lair:3   | 9484 ||| FLEEEEING.
  9485 | Lair:3   | 9485 ||| FLEEEEING.
  9486 | Lair:3   | 9486 ||| FLEEEEING.
  9487 | Lair:3   | 9487 ||| FLEEEEING.
  9488 | Lair:3   | 9488 ||| FLEEEEING.
  9489 | Lair:3   | 9489 ||| FLEEEEING.
  9490 | Lair:3   | 9490 ||| FLEEEEING.
  9491 | Lair:3   | 9491 ||| FLEEEEING.
  9492 | Lair:3   | 9492 ||| FLEEEEING.
  9493 | Lair:3   | 9493 ||| FLEEEEING.
  9559 | Lair:3   | Found a staircase to the Snake Pit.
  9601 | Lair:3   | 9601 ||| Stepping ~*~*~tactically~*~*~ (stealth).
  9665 | Lair:3   | Reached skill level 16 in Unarmed Combat
  9927 | Lair:3   | 9927 ||| Stepping ~*~*~tactically~*~*~ (cloud).
 10165 | Lair:3   | 10165 ||| DROPPING scarf of harm.
 10166 | Lair:3   | 10166 ||| READING scroll labelled UCUOGE YSCHO.
 10196 | Lair:4   | Found a blossoming altar of Fedhas.
 10200 | Lair:4   | 10200 ||| Stepping ~*~*~tactically~*~*~ (outnumbered).
 10235 | Lair:4   | 10235 ||| Stepping ~*~*~tactically~*~*~ (outnumbered).
 10237 | Lair:4   | 10237 ||| Stepping ~*~*~tactically~*~*~ (outnumbered).
 10239 | Lair:4   | 10239 ||| Stepping ~*~*~tactically~*~*~ (outnumbered).
 10241 | Lair:4   | 10241 ||| Stepping ~*~*~tactically~*~*~ (outnumbered).
 10243 | Lair:4   | 10243 ||| Stepping ~*~*~tactically~*~*~ (outnumbered).
 10245 | Lair:4   | 10245 ||| Stepping ~*~*~tactically~*~*~ (outnumbered).
 10247 | Lair:4   | 10247 ||| Stepping ~*~*~tactically~*~*~ (outnumbered).
 10249 | Lair:4   | 10249 ||| Stepping ~*~*~tactically~*~*~ (outnumbered).
 10265 | Lair:4   | 10265 ||| Stepping ~*~*~tactically~*~*~ (outnumbered).
 10267 | Lair:4   | 10267 ||| Stepping ~*~*~tactically~*~*~ (outnumbered).
 10271 | Lair:4   | 10271 ||| Stepping ~*~*~tactically~*~*~ (outnumbered).
 10273 | Lair:4   | 10273 ||| Stepping ~*~*~tactically~*~*~ (outnumbered).
 10275 | Lair:4   | 10275 ||| Stepping ~*~*~tactically~*~*~ (outnumbered).
 10382 | Lair:4   | 10382 ||| Stepping ~*~*~tactically~*~*~ (outnumbered).
 10384 | Lair:4   | 10384 ||| Stepping ~*~*~tactically~*~*~ (outnumbered).
 10386 | Lair:4   | 10386 ||| Stepping ~*~*~tactically~*~*~ (outnumbered).
 10388 | Lair:4   | 10388 ||| Stepping ~*~*~tactically~*~*~ (outnumbered).
 10496 | Lair:4   | 10496 ||| Stepping ~*~*~tactically~*~*~ (outnumbered).
 10510 | Lair:4   | 10510 ||| Stepping ~*~*~tactically~*~*~ (outnumbered).
 10523 | Lair:4   | 10523 ||| Stepping ~*~*~tactically~*~*~ (outnumbered).
 10525 | Lair:4   | 10525 ||| Stepping ~*~*~tactically~*~*~ (outnumbered).
 10527 | Lair:4   | 10527 ||| Stepping ~*~*~tactically~*~*~ (outnumbered).
 10529 | Lair:4   | 10529 ||| Stepping ~*~*~tactically~*~*~ (outnumbered).
 10531 | Lair:4   | 10531 ||| Stepping ~*~*~tactically~*~*~ (outnumbered).
 10633 | Lair:4   | 10633 ||| Stepping ~*~*~tactically~*~*~ (outnumbered).
 10635 | Lair:4   | 10635 ||| Stepping ~*~*~tactically~*~*~ (outnumbered).
 10648 | Lair:4   | 10648 ||| Stepping ~*~*~tactically~*~*~ (outnumbered).
 10650 | Lair:4   | 10650 ||| Stepping ~*~*~tactically~*~*~ (outnumbered).
 10652 | Lair:4   | 10652 ||| Stepping ~*~*~tactically~*~*~ (outnumbered).
 10654 | Lair:4   | 10654 ||| Stepping ~*~*~tactically~*~*~ (outnumbered).
 10677 | Lair:4   | 10677 ||| Stepping ~*~*~tactically~*~*~ (outnumbered).
 10685 | Lair:4   | 10685 ||| Stepping ~*~*~tactically~*~*~ (outnumbered).
 10687 | Lair:4   | 10687 ||| Stepping ~*~*~tactically~*~*~ (outnumbered).
 10708 | Lair:4   | 10708 ||| Stepping ~*~*~tactically~*~*~ (outnumbered).
 10710 | Lair:4   | 10710 ||| Stepping ~*~*~tactically~*~*~ (outnumbered).
 10712 | Lair:4   | 10712 ||| Stepping ~*~*~tactically~*~*~ (outnumbered).
 10815 | Lair:4   | 10815 ||| Stepping ~*~*~tactically~*~*~ (outnumbered).
 10817 | Lair:4   | 10817 ||| Stepping ~*~*~tactically~*~*~ (outnumbered).
 10829 | Lair:4   | 10829 ||| Stepping ~*~*~tactically~*~*~ (outnumbered).
 10831 | Lair:4   | 10831 ||| Stepping ~*~*~tactically~*~*~ (outnumbered).
 10833 | Lair:4   | 10833 ||| Stepping ~*~*~tactically~*~*~ (outnumbered).
 10944 | Lair:4   | 10944 ||| Stepping ~*~*~tactically~*~*~ (outnumbered).
 10965 | Lair:4   | 10965 ||| Stepping ~*~*~tactically~*~*~ (outnumbered).
 10967 | Lair:4   | 10967 ||| Stepping ~*~*~tactically~*~*~ (outnumbered).
 10969 | Lair:4   | 10969 ||| Stepping ~*~*~tactically~*~*~ (outnumbered).
 10971 | Lair:4   | 10971 ||| Stepping ~*~*~tactically~*~*~ (outnumbered).
 10973 | Lair:4   | 10973 ||| Stepping ~*~*~tactically~*~*~ (outnumbered).
 10985 | Lair:4   | 10985 ||| Stepping ~*~*~tactically~*~*~ (outnumbered).
 11097 | Lair:4   | 11097 ||| Stepping ~*~*~tactically~*~*~ (outnumbered).
 11099 | Lair:4   | 11099 ||| Stepping ~*~*~tactically~*~*~ (outnumbered).
 11124 | Lair:4   | 11124 ||| Stepping ~*~*~tactically~*~*~ (outnumbered).
 11144 | Lair:4   | 11144 ||| Stepping ~*~*~tactically~*~*~ (outnumbered).
 11164 | Lair:4   | 11164 ||| Stepping ~*~*~tactically~*~*~ (outnumbered).
 11272 | Lair:4   | 11272 ||| Stepping ~*~*~tactically~*~*~ (outnumbered).
 11298 | Lair:4   | 11298 ||| Stepping ~*~*~tactically~*~*~ (outnumbered).
 11300 | Lair:4   | 11300 ||| Stepping ~*~*~tactically~*~*~ (outnumbered).
 11302 | Lair:4   | 11302 ||| Stepping ~*~*~tactically~*~*~ (outnumbered).
 11304 | Lair:4   | 11304 ||| Stepping ~*~*~tactically~*~*~ (outnumbered).
 11312 | Lair:4   | 11312 ||| Stepping ~*~*~tactically~*~*~ (outnumbered).
 11331 | Lair:4   | 11331 ||| Stepping ~*~*~tactically~*~*~ (outnumbered).
 11342 | Lair:4   | 11342 ||| Stepping ~*~*~tactically~*~*~ (outnumbered).
 11344 | Lair:4   | 11344 ||| Stepping ~*~*~tactically~*~*~ (outnumbered).
 11364 | Lair:4   | 11364 ||| Stepping ~*~*~tactically~*~*~ (outnumbered).
 11477 | Lair:4   | 11477 ||| Stepping ~*~*~tactically~*~*~ (outnumbered).
 11586 | Lair:4   | 11586 ||| Stepping ~*~*~tactically~*~*~ (outnumbered).
 11695 | Lair:4   | 11695 ||| Stepping ~*~*~tactically~*~*~ (outnumbered).
 11698 | Lair:4   | 11698 ||| Stepping ~*~*~tactically~*~*~ (outnumbered).
 11706 | Lair:4   | 11706 ||| Stepping ~*~*~tactically~*~*~ (outnumbered).
 11708 | Lair:4   | 11708 ||| Stepping ~*~*~tactically~*~*~ (outnumbered).
 11710 | Lair:4   | 11710 ||| Stepping ~*~*~tactically~*~*~ (outnumbered).
 11712 | Lair:4   | 11712 ||| Stepping ~*~*~tactically~*~*~ (outnumbered).
 11739 | Lair:4   | 11739 ||| Stepping ~*~*~tactically~*~*~ (outnumbered).
 11741 | Lair:4   | 11741 ||| Stepping ~*~*~tactically~*~*~ (outnumbered).
 11850 | Lair:4   | 11850 ||| Stepping ~*~*~tactically~*~*~ (outnumbered).
 11852 | Lair:4   | 11852 ||| Stepping ~*~*~tactically~*~*~ (outnumbered).
 11854 | Lair:4   | 11854 ||| Stepping ~*~*~tactically~*~*~ (outnumbered).
 11856 | Lair:4   | 11856 ||| Stepping ~*~*~tactically~*~*~ (outnumbered).
 11968 | Lair:4   | 11968 ||| Stepping ~*~*~tactically~*~*~ (outnumbered).
 11970 | Lair:4   | 11970 ||| Stepping ~*~*~tactically~*~*~ (outnumbered).
 11972 | Lair:4   | 11972 ||| Stepping ~*~*~tactically~*~*~ (outnumbered).
 11988 | Lair:4   | 11988 ||| Stepping ~*~*~tactically~*~*~ (outnumbered).
 11990 | Lair:4   | 11990 ||| Stepping ~*~*~tactically~*~*~ (outnumbered).
 12103 | Lair:4   | 12103 ||| Stepping ~*~*~tactically~*~*~ (outnumbered).
 12105 | Lair:4   | 12105 ||| Stepping ~*~*~tactically~*~*~ (outnumbered).
 12107 | Lair:4   | 12107 ||| Stepping ~*~*~tactically~*~*~ (outnumbered).
 12129 | Lair:4   | 12129 ||| Stepping ~*~*~tactically~*~*~ (outnumbered).
 12138 | Lair:4   | 12138 ||| Stepping ~*~*~tactically~*~*~ (outnumbered).
 12168 | Lair:4   | 12168 ||| Stepping ~*~*~tactically~*~*~ (outnumbered).
 12270 | Lair:4   | 12270 ||| Stepping ~*~*~tactically~*~*~ (outnumbered).
 12272 | Lair:4   | 12272 ||| Stepping ~*~*~tactically~*~*~ (outnumbered).
 12290 | Lair:4   | 12290 ||| Stepping ~*~*~tactically~*~*~ (outnumbered).
 12310 | Lair:4   | 12310 ||| Stepping ~*~*~tactically~*~*~ (outnumbered).
 12312 | Lair:4   | 12312 ||| Stepping ~*~*~tactically~*~*~ (outnumbered).
 12419 | Lair:4   | 12419 ||| Stepping ~*~*~tactically~*~*~ (outnumbered).
 12438 | Lair:4   | 12438 ||| Stepping ~*~*~tactically~*~*~ (outnumbered).
 12455 | Lair:4   | 12455 ||| Stepping ~*~*~tactically~*~*~ (outnumbered).
 12457 | Lair:4   | 12457 ||| Stepping ~*~*~tactically~*~*~ (outnumbered).
 12479 | Lair:4   | 12479 ||| Stepping ~*~*~tactically~*~*~ (outnumbered).
 12583 | Lair:4   | 12583 ||| Stepping ~*~*~tactically~*~*~ (outnumbered).
 12609 | Lair:4   | 12609 ||| Stepping ~*~*~tactically~*~*~ (outnumbered).
 12633 | Lair:4   | 12633 ||| Stepping ~*~*~tactically~*~*~ (outnumbered).
 12664 | Lair:4   | 12664 ||| Stepping ~*~*~tactically~*~*~ (outnumbered).
 12693 | Lair:4   | 12693 ||| Stepping ~*~*~tactically~*~*~ (outnumbered).
 12695 | Lair:4   | 12695 ||| Stepping ~*~*~tactically~*~*~ (outnumbered).
 12713 | Lair:4   | 12713 ||| Stepping ~*~*~tactically~*~*~ (outnumbered).
 12820 | Lair:4   | 12820 ||| Stepping ~*~*~tactically~*~*~ (outnumbered).
 12934 | Lair:4   | 12934 ||| Stepping ~*~*~tactically~*~*~ (outnumbered).
 12958 | Lair:4   | 12958 ||| Stepping ~*~*~tactically~*~*~ (outnumbered).
 13064 | Lair:4   | 13064 ||| Stepping ~*~*~tactically~*~*~ (outnumbered).
 13066 | Lair:4   | 13066 ||| Stepping ~*~*~tactically~*~*~ (outnumbered).
 13072 | Lair:4   | 13072 ||| Stepping ~*~*~tactically~*~*~ (outnumbered).
 13081 | Lair:4   | 13081 ||| Stepping ~*~*~tactically~*~*~ (outnumbered).
 13085 | Lair:4   | 13085 ||| Stepping ~*~*~tactically~*~*~ (outnumbered).
 13087 | Lair:4   | 13087 ||| Stepping ~*~*~tactically~*~*~ (outnumbered).
 13101 | Lair:4   | 13101 ||| Stepping ~*~*~tactically~*~*~ (outnumbered).
 13103 | Lair:4   | 13103 ||| Stepping ~*~*~tactically~*~*~ (outnumbered).
 13105 | Lair:4   | 13105 ||| Stepping ~*~*~tactically~*~*~ (outnumbered).
 13129 | Lair:4   | 13129 ||| Stepping ~*~*~tactically~*~*~ (outnumbered).
 13231 | Lair:4   | 13231 ||| Stepping ~*~*~tactically~*~*~ (outnumbered).
 13233 | Lair:4   | 13233 ||| Stepping ~*~*~tactically~*~*~ (outnumbered).
 13235 | Lair:4   | 13235 ||| Stepping ~*~*~tactically~*~*~ (outnumbered).
 13262 | Lair:4   | 13262 ||| Stepping ~*~*~tactically~*~*~ (outnumbered).
 13264 | Lair:4   | 13264 ||| Stepping ~*~*~tactically~*~*~ (outnumbered).
 13266 | Lair:4   | 13266 ||| Stepping ~*~*~tactically~*~*~ (outnumbered).
 13268 | Lair:4   | 13268 ||| Stepping ~*~*~tactically~*~*~ (outnumbered).
 13285 | Lair:4   | 13285 ||| Stepping ~*~*~tactically~*~*~ (outnumbered).
 13287 | Lair:4   | 13287 ||| Stepping ~*~*~tactically~*~*~ (outnumbered).
 13289 | Lair:4   | 13289 ||| Stepping ~*~*~tactically~*~*~ (outnumbered).
 13291 | Lair:4   | 13291 ||| Stepping ~*~*~tactically~*~*~ (outnumbered).
 13293 | Lair:4   | 13293 ||| Stepping ~*~*~tactically~*~*~ (outnumbered).
 13295 | Lair:4   | 13295 ||| Stepping ~*~*~tactically~*~*~ (outnumbered).
 13297 | Lair:4   | 13297 ||| Stepping ~*~*~tactically~*~*~ (outnumbered).
 13299 | Lair:4   | 13299 ||| Stepping ~*~*~tactically~*~*~ (outnumbered).
 13301 | Lair:4   | 13301 ||| Stepping ~*~*~tactically~*~*~ (outnumbered).
 13303 | Lair:4   | 13303 ||| Stepping ~*~*~tactically~*~*~ (outnumbered).
 13422 | Lair:4   | 13422 ||| Stepping ~*~*~tactically~*~*~ (outnumbered).
 13524 | Lair:4   | 13524 ||| Stepping ~*~*~tactically~*~*~ (outnumbered).
 13526 | Lair:4   | 13526 ||| Stepping ~*~*~tactically~*~*~ (outnumbered).
 13551 | Lair:4   | 13551 ||| Stepping ~*~*~tactically~*~*~ (outnumbered).
 13553 | Lair:4   | 13553 ||| Stepping ~*~*~tactically~*~*~ (outnumbered).
 13562 | Lair:4   | 13562 ||| Stepping ~*~*~tactically~*~*~ (outnumbered).
 13600 | Lair:4   | 13600 ||| Stepping ~*~*~tactically~*~*~ (outnumbered).
 13602 | Lair:4   | 13602 ||| Stepping ~*~*~tactically~*~*~ (outnumbered).
 13604 | Lair:4   | 13604 ||| Stepping ~*~*~tactically~*~*~ (outnumbered).
 13627 | Lair:4   | 13627 ||| Stepping ~*~*~tactically~*~*~ (outnumbered).
 13629 | Lair:4   | 13629 ||| Stepping ~*~*~tactically~*~*~ (outnumbered).
 13740 | Lair:4   | 13740 ||| Stepping ~*~*~tactically~*~*~ (outnumbered).
 13745 | Lair:4   | 13745 ||| Stepping ~*~*~tactically~*~*~ (outnumbered).
 13747 | Lair:4   | 13747 ||| Stepping ~*~*~tactically~*~*~ (outnumbered).
 13862 | Lair:4   | 13862 ||| Stepping ~*~*~tactically~*~*~ (outnumbered).
 13864 | Lair:4   | 13864 ||| Stepping ~*~*~tactically~*~*~ (outnumbered).
 13876 | Lair:4   | 13876 ||| Stepping ~*~*~tactically~*~*~ (outnumbered).
 13897 | Lair:4   | 13897 ||| Stepping ~*~*~tactically~*~*~ (outnumbered).
 13899 | Lair:4   | 13899 ||| Stepping ~*~*~tactically~*~*~ (outnumbered).
 14008 | Lair:4   | 14008 ||| Stepping ~*~*~tactically~*~*~ (outnumbered).
 14114 | Lair:4   | 14114 ||| Stepping ~*~*~tactically~*~*~ (outnumbered).
 14134 | Lair:4   | 14134 ||| Stepping ~*~*~tactically~*~*~ (outnumbered).
 14136 | Lair:4   | 14136 ||| Stepping ~*~*~tactically~*~*~ (outnumbered).
 14239 | Lair:4   | 14239 ||| Stepping ~*~*~tactically~*~*~ (outnumbered).
 14241 | Lair:4   | 14241 ||| Stepping ~*~*~tactically~*~*~ (outnumbered).
 14349 | Lair:4   | 14349 ||| Stepping ~*~*~tactically~*~*~ (outnumbered).
 14466 | Lair:4   | 14466 ||| Stepping ~*~*~tactically~*~*~ (outnumbered).
 14468 | Lair:4   | 14468 ||| Stepping ~*~*~tactically~*~*~ (outnumbered).
 14571 | Lair:4   | 14571 ||| Stepping ~*~*~tactically~*~*~ (outnumbered).
 14573 | Lair:4   | 14573 ||| Stepping ~*~*~tactically~*~*~ (outnumbered).
 14680 | Lair:4   | 14680 ||| Stepping ~*~*~tactically~*~*~ (outnumbered).
 14682 | Lair:4   | 14682 ||| Stepping ~*~*~tactically~*~*~ (outnumbered).
 14684 | Lair:4   | 14684 ||| Stepping ~*~*~tactically~*~*~ (outnumbered).
 14686 | Lair:4   | 14686 ||| Stepping ~*~*~tactically~*~*~ (outnumbered).
 14688 | Lair:4   | 14688 ||| Stepping ~*~*~tactically~*~*~ (outnumbered).
 14801 | Lair:4   | 14801 ||| Stepping ~*~*~tactically~*~*~ (outnumbered).
 14803 | Lair:4   | 14803 ||| Stepping ~*~*~tactically~*~*~ (outnumbered).
 14805 | Lair:4   | 14805 ||| Stepping ~*~*~tactically~*~*~ (outnumbered).
 14807 | Lair:4   | 14807 ||| Stepping ~*~*~tactically~*~*~ (outnumbered).
 14809 | Lair:4   | 14809 ||| Stepping ~*~*~tactically~*~*~ (outnumbered).
 14837 | Lair:4   | 14837 ||| Stepping ~*~*~tactically~*~*~ (outnumbered).
 14839 | Lair:4   | 14839 ||| Stepping ~*~*~tactically~*~*~ (outnumbered).
 14841 | Lair:4   | 14841 ||| Stepping ~*~*~tactically~*~*~ (outnumbered).
 14843 | Lair:4   | 14843 ||| Stepping ~*~*~tactically~*~*~ (outnumbered).
 14851 | Lair:4   | 14851 ||| Stepping ~*~*~tactically~*~*~ (outnumbered).
 14853 | Lair:4   | 14853 ||| Stepping ~*~*~tactically~*~*~ (outnumbered).
 14875 | Lair:4   | 14875 ||| Stepping ~*~*~tactically~*~*~ (outnumbered).
 14903 | Lair:4   | 14903 ||| Stepping ~*~*~tactically~*~*~ (outnumbered).
 14907 | Lair:4   | 14907 ||| Stepping ~*~*~tactically~*~*~ (outnumbered).
 14915 | Lair:4   | 14915 ||| Stepping ~*~*~tactically~*~*~ (outnumbered).
 14917 | Lair:4   | 14917 ||| Stepping ~*~*~tactically~*~*~ (outnumbered).
 15019 | Lair:4   | 15019 ||| Stepping ~*~*~tactically~*~*~ (outnumbered).
 15021 | Lair:4   | 15021 ||| Stepping ~*~*~tactically~*~*~ (outnumbered).
 15023 | Lair:4   | 15023 ||| Stepping ~*~*~tactically~*~*~ (outnumbered).
 15025 | Lair:4   | 15025 ||| Stepping ~*~*~tactically~*~*~ (outnumbered).
 15048 | Lair:4   | 15048 ||| Stepping ~*~*~tactically~*~*~ (outnumbered).
 15050 | Lair:4   | 15050 ||| Stepping ~*~*~tactically~*~*~ (outnumbered).
 15161 | Lair:4   | 15161 ||| Stepping ~*~*~tactically~*~*~ (outnumbered).
 15200 | Lair:4   | 15200 ||| Stepping ~*~*~tactically~*~*~ (outnumbered).
 15202 | Lair:4   | 15202 ||| Stepping ~*~*~tactically~*~*~ (outnumbered).
 15204 | Lair:4   | 15204 ||| Stepping ~*~*~tactically~*~*~ (outnumbered).
 15220 | Lair:4   | 15220 ||| Stepping ~*~*~tactically~*~*~ (outnumbered).
 15222 | Lair:4   | 15222 ||| Stepping ~*~*~tactically~*~*~ (outnumbered).
 15247 | Lair:4   | 15247 ||| Stepping ~*~*~tactically~*~*~ (outnumbered).
 15249 | Lair:4   | 15249 ||| Stepping ~*~*~tactically~*~*~ (outnumbered).
 15251 | Lair:4   | 15251 ||| Stepping ~*~*~tactically~*~*~ (outnumbered).
 15263 | Lair:4   | 15263 ||| Stepping ~*~*~tactically~*~*~ (outnumbered).
 15265 | Lair:4   | 15265 ||| Stepping ~*~*~tactically~*~*~ (outnumbered).
 15267 | Lair:4   | 15267 ||| Stepping ~*~*~tactically~*~*~ (outnumbered).
 15269 | Lair:4   | 15269 ||| Stepping ~*~*~tactically~*~*~ (outnumbered).
 15271 | Lair:4   | 15271 ||| Stepping ~*~*~tactically~*~*~ (outnumbered).
 15273 | Lair:4   | 15273 ||| Stepping ~*~*~tactically~*~*~ (outnumbered).
 15275 | Lair:4   | 15275 ||| Stepping ~*~*~tactically~*~*~ (outnumbered).
 15284 | Lair:4   | 15284 ||| Stepping ~*~*~tactically~*~*~ (outnumbered).
 15286 | Lair:4   | 15286 ||| Stepping ~*~*~tactically~*~*~ (outnumbered).
 15288 | Lair:4   | 15288 ||| Stepping ~*~*~tactically~*~*~ (outnumbered).
 15298 | Lair:4   | 15298 ||| Stepping ~*~*~tactically~*~*~ (outnumbered).
 15300 | Lair:4   | 15300 ||| Stepping ~*~*~tactically~*~*~ (outnumbered).
 15302 | Lair:4   | 15302 ||| Stepping ~*~*~tactically~*~*~ (outnumbered).
 15305 | Lair:4   | 15305 ||| Stepping ~*~*~tactically~*~*~ (outnumbered).
 15307 | Lair:4   | 15307 ||| Stepping ~*~*~tactically~*~*~ (outnumbered).
 15345 | Lair:4   | 15345 ||| Stepping ~*~*~tactically~*~*~ (outnumbered).
 15347 | Lair:4   | 15347 ||| Stepping ~*~*~tactically~*~*~ (outnumbered).
 15379 | Lair:4   | 15379 ||| Stepping ~*~*~tactically~*~*~ (outnumbered).
 15483 | Lair:4   | 15483 ||| Stepping ~*~*~tactically~*~*~ (outnumbered).
 15510 | Lair:4   | 15510 ||| Stepping ~*~*~tactically~*~*~ (outnumbered).
 15617 | Lair:4   | 15617 ||| Stepping ~*~*~tactically~*~*~ (outnumbered).
 15619 | Lair:4   | 15619 ||| Stepping ~*~*~tactically~*~*~ (outnumbered).
 15621 | Lair:4   | 15621 ||| Stepping ~*~*~tactically~*~*~ (outnumbered).
 15736 | Lair:4   | 15736 ||| Stepping ~*~*~tactically~*~*~ (outnumbered).
 15738 | Lair:4   | 15738 ||| Stepping ~*~*~tactically~*~*~ (outnumbered).
 15750 | Lair:4   | 15750 ||| Stepping ~*~*~tactically~*~*~ (outnumbered).
 15759 | Lair:4   | 15759 ||| Stepping ~*~*~tactically~*~*~ (outnumbered).
 15774 | Lair:4   | 15774 ||| Stepping ~*~*~tactically~*~*~ (outnumbered).
 15776 | Lair:4   | 15776 ||| Stepping ~*~*~tactically~*~*~ (outnumbered).
 15778 | Lair:4   | 15778 ||| Stepping ~*~*~tactically~*~*~ (outnumbered).
 15892 | Lair:4   | 15892 ||| Stepping ~*~*~tactically~*~*~ (outnumbered).
 15894 | Lair:4   | 15894 ||| Stepping ~*~*~tactically~*~*~ (outnumbered).
 15907 | Lair:4   | 15907 ||| Stepping ~*~*~tactically~*~*~ (outnumbered).
 15909 | Lair:4   | 15909 ||| Stepping ~*~*~tactically~*~*~ (outnumbered).
 15911 | Lair:4   | 15911 ||| Stepping ~*~*~tactically~*~*~ (outnumbered).
 15934 | Lair:4   | 15934 ||| Stepping ~*~*~tactically~*~*~ (outnumbered).
 15936 | Lair:4   | 15936 ||| Stepping ~*~*~tactically~*~*~ (outnumbered).
 15938 | Lair:4   | 15938 ||| Stepping ~*~*~tactically~*~*~ (outnumbered).
 15940 | Lair:4   | 15940 ||| Stepping ~*~*~tactically~*~*~ (outnumbered).
 15942 | Lair:4   | 15942 ||| Stepping ~*~*~tactically~*~*~ (outnumbered).
 16044 | Lair:4   | 16044 ||| Stepping ~*~*~tactically~*~*~ (outnumbered).
 16046 | Lair:4   | 16046 ||| Stepping ~*~*~tactically~*~*~ (outnumbered).
 16048 | Lair:4   | 16048 ||| Stepping ~*~*~tactically~*~*~ (outnumbered).
 16050 | Lair:4   | 16050 ||| Stepping ~*~*~tactically~*~*~ (outnumbered).
 16068 | Lair:4   | 16068 ||| Stepping ~*~*~tactically~*~*~ (outnumbered).
 16070 | Lair:4   | 16070 ||| Stepping ~*~*~tactically~*~*~ (outnumbered).
 16072 | Lair:4   | 16072 ||| Stepping ~*~*~tactically~*~*~ (outnumbered).
 16181 | Lair:4   | 16181 ||| Stepping ~*~*~tactically~*~*~ (outnumbered).
 16198 | Lair:4   | 16198 ||| Stepping ~*~*~tactically~*~*~ (outnumbered).
 16312 | Lair:4   | 16312 ||| Stepping ~*~*~tactically~*~*~ (outnumbered).
 16314 | Lair:4   | 16314 ||| Stepping ~*~*~tactically~*~*~ (outnumbered).
 16316 | Lair:4   | 16316 ||| Stepping ~*~*~tactically~*~*~ (outnumbered).
 16318 | Lair:4   | 16318 ||| Stepping ~*~*~tactically~*~*~ (outnumbered).
 16429 | Lair:4   | 16429 ||| Stepping ~*~*~tactically~*~*~ (outnumbered).
 16431 | Lair:4   | 16431 ||| Stepping ~*~*~tactically~*~*~ (outnumbered).
 16433 | Lair:4   | 16433 ||| Stepping ~*~*~tactically~*~*~ (outnumbered).
 16435 | Lair:4   | 16435 ||| Stepping ~*~*~tactically~*~*~ (outnumbered).
 16437 | Lair:4   | 16437 ||| Stepping ~*~*~tactically~*~*~ (outnumbered).
 16476 | Lair:4   | 16476 ||| Stepping ~*~*~tactically~*~*~ (outnumbered).
 16497 | Lair:4   | 16497 ||| Stepping ~*~*~tactically~*~*~ (outnumbered).
 16499 | Lair:4   | 16499 ||| Stepping ~*~*~tactically~*~*~ (outnumbered).
 16516 | Lair:4   | 16516 ||| Stepping ~*~*~tactically~*~*~ (outnumbered).
 16518 | Lair:4   | 16518 ||| Stepping ~*~*~tactically~*~*~ (outnumbered).
 16520 | Lair:4   | 16520 ||| Stepping ~*~*~tactically~*~*~ (outnumbered).
 16522 | Lair:4   | 16522 ||| Stepping ~*~*~tactically~*~*~ (outnumbered).
 16524 | Lair:4   | 16524 ||| Stepping ~*~*~tactically~*~*~ (outnumbered).
 16526 | Lair:4   | 16526 ||| Stepping ~*~*~tactically~*~*~ (outnumbered).
 16550 | Lair:4   | 16550 ||| Stepping ~*~*~tactically~*~*~ (outnumbered).
 16555 | Lair:4   | 16555 ||| Stepping ~*~*~tactically~*~*~ (outnumbered).
 16557 | Lair:4   | 16557 ||| Stepping ~*~*~tactically~*~*~ (outnumbered).
 16661 | Lair:4   | 16661 ||| Stepping ~*~*~tactically~*~*~ (outnumbered).
 16679 | Lair:4   | 16679 ||| Stepping ~*~*~tactically~*~*~ (outnumbered).
 16681 | Lair:4   | 16681 ||| Stepping ~*~*~tactically~*~*~ (outnumbered).
 16683 | Lair:4   | 16683 ||| Stepping ~*~*~tactically~*~*~ (outnumbered).
 16791 | Lair:4   | 16791 ||| Stepping ~*~*~tactically~*~*~ (outnumbered).
 16793 | Lair:4   | 16793 ||| Stepping ~*~*~tactically~*~*~ (outnumbered).
 16903 | Lair:4   | 16903 ||| Stepping ~*~*~tactically~*~*~ (outnumbered).
 17020 | Lair:4   | 17020 ||| Stepping ~*~*~tactically~*~*~ (outnumbered).
 17022 | Lair:4   | 17022 ||| Stepping ~*~*~tactically~*~*~ (outnumbered).
 17134 | Lair:4   | 17134 ||| Stepping ~*~*~tactically~*~*~ (outnumbered).
 17136 | Lair:4   | 17136 ||| Stepping ~*~*~tactically~*~*~ (outnumbered).
 17245 | Lair:4   | 17245 ||| Stepping ~*~*~tactically~*~*~ (outnumbered).
 17273 | Lair:4   | 17273 ||| Stepping ~*~*~tactically~*~*~ (outnumbered).
 17297 | Lair:4   | 17297 ||| Stepping ~*~*~tactically~*~*~ (outnumbered).
 17299 | Lair:4   | 17299 ||| Stepping ~*~*~tactically~*~*~ (outnumbered).
 17301 | Lair:4   | 17301 ||| Stepping ~*~*~tactically~*~*~ (outnumbered).
 17408 | Lair:4   | 17408 ||| Stepping ~*~*~tactically~*~*~ (outnumbered).
 17418 | Lair:4   | 17418 ||| Stepping ~*~*~tactically~*~*~ (outnumbered).
 17420 | Lair:4   | 17420 ||| Stepping ~*~*~tactically~*~*~ (outnumbered).
 17422 | Lair:4   | 17422 ||| Stepping ~*~*~tactically~*~*~ (outnumbered).
 17529 | Lair:4   | 17529 ||| Stepping ~*~*~tactically~*~*~ (outnumbered).
 17551 | Lair:4   | 17551 ||| Stepping ~*~*~tactically~*~*~ (outnumbered).
 17578 | Lair:4   | 17578 ||| Stepping ~*~*~tactically~*~*~ (outnumbered).
 17580 | Lair:4   | 17580 ||| Stepping ~*~*~tactically~*~*~ (outnumbered).
 17598 | Lair:4   | 17598 ||| Stepping ~*~*~tactically~*~*~ (outnumbered).
 17614 | Lair:4   | 17614 ||| Stepping ~*~*~tactically~*~*~ (outnumbered).
 17618 | Lair:4   | 17618 ||| Stepping ~*~*~tactically~*~*~ (outnumbered).
 17726 | Lair:4   | 17726 ||| Stepping ~*~*~tactically~*~*~ (outnumbered).
 17728 | Lair:4   | 17728 ||| Stepping ~*~*~tactically~*~*~ (outnumbered).
 17748 | Lair:4   | 17748 ||| Stepping ~*~*~tactically~*~*~ (outnumbered).
 17859 | Lair:4   | 17859 ||| Stepping ~*~*~tactically~*~*~ (outnumbered).
 17869 | Lair:4   | 17869 ||| Stepping ~*~*~tactically~*~*~ (outnumbered).
 17871 | Lair:4   | 17871 ||| Stepping ~*~*~tactically~*~*~ (outnumbered).
 17873 | Lair:4   | 17873 ||| Stepping ~*~*~tactically~*~*~ (outnumbered).
 17875 | Lair:4   | 17875 ||| Stepping ~*~*~tactically~*~*~ (outnumbered).
 17877 | Lair:4   | 17877 ||| Stepping ~*~*~tactically~*~*~ (outnumbered).
 17879 | Lair:4   | 17879 ||| Stepping ~*~*~tactically~*~*~ (outnumbered).
 17881 | Lair:4   | 17881 ||| Stepping ~*~*~tactically~*~*~ (outnumbered).
 17992 | Lair:4   | 17992 ||| Stepping ~*~*~tactically~*~*~ (outnumbered).
 18008 | Lair:4   | 18008 ||| Stepping ~*~*~tactically~*~*~ (outnumbered).
 18024 | Lair:4   | 18024 ||| Stepping ~*~*~tactically~*~*~ (outnumbered).
 18026 | Lair:4   | 18026 ||| Stepping ~*~*~tactically~*~*~ (outnumbered).
 18028 | Lair:4   | 18028 ||| Stepping ~*~*~tactically~*~*~ (outnumbered).
 18053 | Lair:4   | 18053 ||| Stepping ~*~*~tactically~*~*~ (outnumbered).
 18163 | Lair:4   | 18163 ||| Stepping ~*~*~tactically~*~*~ (outnumbered).
 18268 | Lair:4   | 18268 ||| Stepping ~*~*~tactically~*~*~ (outnumbered).
 18286 | Lair:4   | 18286 ||| Stepping ~*~*~tactically~*~*~ (outnumbered).
 18288 | Lair:4   | 18288 ||| Stepping ~*~*~tactically~*~*~ (outnumbered).
 18290 | Lair:4   | 18290 ||| Stepping ~*~*~tactically~*~*~ (outnumbered).
 18399 | Lair:4   | 18399 ||| Stepping ~*~*~tactically~*~*~ (outnumbered).
 18401 | Lair:4   | 18401 ||| Stepping ~*~*~tactically~*~*~ (outnumbered).
 18403 | Lair:4   | 18403 ||| Stepping ~*~*~tactically~*~*~ (outnumbered).
 18405 | Lair:4   | 18405 ||| Stepping ~*~*~tactically~*~*~ (outnumbered).
 18407 | Lair:4   | 18407 ||| Stepping ~*~*~tactically~*~*~ (outnumbered).
 18517 | Lair:4   | 18517 ||| Stepping ~*~*~tactically~*~*~ (outnumbered).
 18519 | Lair:4   | 18519 ||| Stepping ~*~*~tactically~*~*~ (outnumbered).
 18521 | Lair:4   | 18521 ||| Stepping ~*~*~tactically~*~*~ (outnumbered).
 18523 | Lair:4   | 18523 ||| Stepping ~*~*~tactically~*~*~ (outnumbered).
 18543 | Lair:4   | 18543 ||| Stepping ~*~*~tactically~*~*~ (outnumbered).
 18656 | Lair:4   | 18656 ||| Stepping ~*~*~tactically~*~*~ (outnumbered).
 18662 | Lair:4   | 18662 ||| Stepping ~*~*~tactically~*~*~ (outnumbered).
 18668 | Lair:4   | 18668 ||| Stepping ~*~*~tactically~*~*~ (outnumbered).
 18670 | Lair:4   | 18670 ||| Stepping ~*~*~tactically~*~*~ (outnumbered).
 18672 | Lair:4   | 18672 ||| Stepping ~*~*~tactically~*~*~ (outnumbered).
 18690 | Lair:4   | 18690 ||| Stepping ~*~*~tactically~*~*~ (outnumbered).
 18692 | Lair:4   | 18692 ||| Stepping ~*~*~tactically~*~*~ (outnumbered).
 18711 | Lair:4   | 18711 ||| Stepping ~*~*~tactically~*~*~ (outnumbered).
 18713 | Lair:4   | 18713 ||| Stepping ~*~*~tactically~*~*~ (outnumbered).
 18715 | Lair:4   | 18715 ||| Stepping ~*~*~tactically~*~*~ (outnumbered).
 18735 | Lair:4   | 18735 ||| Stepping ~*~*~tactically~*~*~ (outnumbered).
 18752 | Lair:4   | 18752 ||| Stepping ~*~*~tactically~*~*~ (outnumbered).
 18754 | Lair:4   | 18754 ||| Stepping ~*~*~tactically~*~*~ (outnumbered).
 18756 | Lair:4   | 18756 ||| Stepping ~*~*~tactically~*~*~ (outnumbered).
 18758 | Lair:4   | 18758 ||| Stepping ~*~*~tactically~*~*~ (outnumbered).
 18760 | Lair:4   | 18760 ||| Stepping ~*~*~tactically~*~*~ (outnumbered).
 18762 | Lair:4   | 18762 ||| Stepping ~*~*~tactically~*~*~ (outnumbered).
 18764 | Lair:4   | 18764 ||| Stepping ~*~*~tactically~*~*~ (outnumbered).
 18783 | Lair:4   | 18783 ||| Stepping ~*~*~tactically~*~*~ (outnumbered).
 18885 | Lair:4   | 18885 ||| Stepping ~*~*~tactically~*~*~ (outnumbered).
 18887 | Lair:4   | 18887 ||| Stepping ~*~*~tactically~*~*~ (outnumbered).
 19001 | Lair:4   | 19001 ||| Stepping ~*~*~tactically~*~*~ (outnumbered).
 19003 | Lair:4   | 19003 ||| Stepping ~*~*~tactically~*~*~ (outnumbered).
 19005 | Lair:4   | 19005 ||| Stepping ~*~*~tactically~*~*~ (outnumbered).
 19007 | Lair:4   | 19007 ||| Stepping ~*~*~tactically~*~*~ (outnumbered).
 19009 | Lair:4   | 19009 ||| Stepping ~*~*~tactically~*~*~ (outnumbered).
 19114 | Lair:4   | 19114 ||| Stepping ~*~*~tactically~*~*~ (outnumbered).
 19219 | Lair:4   | 19219 ||| Stepping ~*~*~tactically~*~*~ (outnumbered).
 19221 | Lair:4   | 19221 ||| Stepping ~*~*~tactically~*~*~ (outnumbered).
 19236 | Lair:4   | 19236 ||| Stepping ~*~*~tactically~*~*~ (outnumbered).
 19263 | Lair:4   | 19263 ||| Stepping ~*~*~tactically~*~*~ (outnumbered).
 19269 | Lair:4   | 19269 ||| Stepping ~*~*~tactically~*~*~ (outnumbered).
 19279 | Lair:4   | 19279 ||| Stepping ~*~*~tactically~*~*~ (outnumbered).
 19281 | Lair:4   | 19281 ||| Stepping ~*~*~tactically~*~*~ (outnumbered).
 19283 | Lair:4   | 19283 ||| Stepping ~*~*~tactically~*~*~ (outnumbered).
 19285 | Lair:4   | 19285 ||| Stepping ~*~*~tactically~*~*~ (outnumbered).
 19287 | Lair:4   | 19287 ||| Stepping ~*~*~tactically~*~*~ (outnumbered).
 19301 | Lair:4   | 19301 ||| Stepping ~*~*~tactically~*~*~ (outnumbered).
 19303 | Lair:4   | 19303 ||| Stepping ~*~*~tactically~*~*~ (outnumbered).
 19305 | Lair:4   | 19305 ||| Stepping ~*~*~tactically~*~*~ (outnumbered).
 19317 | Lair:4   | 19317 ||| Stepping ~*~*~tactically~*~*~ (outnumbered).
 19406 | Lair:4   | Fell from the grace of Okawaru
 19564 | D:9      | 19564 ||| PLANNING TEMPLE
 19564 | D:9      | Became a worshipper of Warmaster Okawaru
 19673 | Temple   | Entered the Ecumenical Temple
 19674 | Temple   | 19674 ||| PLANNING LAIR
 19821 | Lair:4   | 19821 ||| Stepping ~*~*~tactically~*~*~ (stealth).
 19822 | Lair:4   | 19822 ||| Stepping ~*~*~tactically~*~*~ (stealth).
 19827 | Lair:4   | 19827 ||| Stepping ~*~*~tactically~*~*~ (outnumbered).
 19828 | Lair:4   | 19828 ||| Stepping ~*~*~tactically~*~*~ (outnumbered).
 19829 | Lair:4   | 19829 ||| Stepping ~*~*~tactically~*~*~ (outnumbered).
 19829 | Lair:4   | Noticed a boulder beetle
 19830 | Lair:4   | 19830 ||| STAIRDANCE
 19882 | Lair:4   | 19882 ||| STAIRDANCE
 19904 | Lair:3   | Killed a boulder beetle
 19955 | Lair:4   | Reached XP level 13. HP: 123/124 MP: 13/13
 19994 | Lair:4   | 19994 ||| Stepping ~*~*~tactically~*~*~ (stealth).
 20041 | Lair:4   | 20041 ||| Stepping ~*~*~tactically~*~*~ (stealth).
 20044 | Lair:4   | 20044 ||| Stepping ~*~*~tactically~*~*~ (stealth).
 20196 | Lair:4   | You fall into a shaft and drop 1 floor!
 20196 | Lair:5   | Entered Level 5 of the Lair of Beasts
 20205 | Lair:5   | 20205 ||| Stepping ~*~*~tactically~*~*~ (outnumbered).
 20207 | Lair:5   | Reached * piety under Okawaru
 20208 | Lair:5   | 20208 ||| INVOKING Heroism.
 20215 | Lair:5   | Reached skill level 1 in Invocations
 20215 | Lair:5   | 20215 ||| Stepping ~*~*~tactically~*~*~ (outnumbered).
 20216 | Lair:5   | 20216 ||| Stepping ~*~*~tactically~*~*~ (outnumbered).
 20217 | Lair:5   | 20217 ||| Stepping ~*~*~tactically~*~*~ (outnumbered).
 20222 | Lair:5   | 20222 ||| INVOKING Heroism.
 20224 | Lair:5   | 20224 ||| Stepping ~*~*~tactically~*~*~ (outnumbered).
 20225 | Lair:5   | 20225 ||| Stepping ~*~*~tactically~*~*~ (outnumbered).
 20226 | Lair:5   | 20226 ||| Stepping ~*~*~tactically~*~*~ (outnumbered).
 20338 | Lair:4   | Found a runed translucent gate.
 20338 | Lair:4   | Found a runed translucent gate.
 20338 | Lair:4   | Found a runed translucent gate.
 20342 | Lair:4   | Noticed qw's ghost (journeyman TrCA)
 20342 | Lair:4   | Noticed qw's ghost (journeyman TrCA)
 20342 | Lair:4   | Noticed qw's ghost (journeyman TrCA)
 20365 | Lair:4   | 20365 ||| Stepping ~*~*~tactically~*~*~ (stealth).
 20370 | Lair:4   | 20370 ||| INVOKING Heroism.
 20371 | Lair:4   | 20371 ||| Stepping ~*~*~tactically~*~*~ (outnumbered).
 20377 | Lair:4   | 20377 ||| Stepping ~*~*~tactically~*~*~ (outnumbered).
 20388 | Lair:4   | Reached ** piety under Okawaru
 20397 | Lair:4   | 20397 ||| Stepping ~*~*~tactically~*~*~ (stealth).
 20402 | Lair:4   | 20402 ||| Stepping ~*~*~tactically~*~*~ (stealth).
 20413 | Lair:4   | Reached skill level 3 in Invocations
 20560 | Lair:4   | 20560 ||| INVOKING Heroism.
 20564 | Lair:4   | You fall into a shaft and drop 1 floor!
 20622 | Lair:5   | 20622 ||| INVOKING Heroism.
 20660 | Lair:5   | 20660 ||| Stepping ~*~*~tactically~*~*~ (stealth).
 20661 | Lair:5   | 20661 ||| Stepping ~*~*~tactically~*~*~ (stealth).
 20722 | Lair:5   | 20722 ||| INVOKING Heroism.
 20723 | Lair:5   | 20723 ||| Stepping ~*~*~tactically~*~*~ (outnumbered).
 20724 | Lair:5   | 20724 ||| Stepping ~*~*~tactically~*~*~ (outnumbered).
 20725 | Lair:5   | 20725 ||| Stepping ~*~*~tactically~*~*~ (outnumbered).
 20731 | Lair:5   | Reached *** piety under Okawaru
 20743 | Lair:5   | Reached skill level 17 in Unarmed Combat
 20778 | Lair:5   | 20778 ||| INVOKING Heroism.
 20874 | Lair:5   | 20874 ||| INVOKING Heroism.
 20875 | Lair:5   | 20875 ||| Stepping ~*~*~tactically~*~*~ (outnumbered).
 20876 | Lair:5   | 20876 ||| Stepping ~*~*~tactically~*~*~ (outnumbered).
 20934 | Lair:4   | 20934 ||| INVOKING Heroism.
 20942 | Lair:4   | Reached **** piety under Okawaru
 21048 | Lair:4   | 21048 ||| INVOKING Heroism.
 21051 | Lair:4   | 21051 ||| Stepping ~*~*~tactically~*~*~ (outnumbered).
 21052 | Lair:4   | 21052 ||| Stepping ~*~*~tactically~*~*~ (outnumbered).
 21231 | Lair:4   | 21231 ||| INVOKING Heroism.
 21232 | Lair:4   | 21232 ||| Stepping ~*~*~tactically~*~*~ (outnumbered).
 21246 | Lair:4   | 21246 ||| INVOKING Heroism.
 21247 | Lair:4   | 21247 ||| Stepping ~*~*~tactically~*~*~ (outnumbered).
 21299 | Lair:4   | 21299 ||| INVOKING Heroism.
 21300 | Lair:4   | 21300 ||| Stepping ~*~*~tactically~*~*~ (outnumbered).
 21319 | Lair:4   | 21319 ||| Stepping ~*~*~tactically~*~*~ (outnumbered).
 21321 | Lair:4   | 21321 ||| INVOKING Heroism.
 21322 | Lair:4   | 21322 ||| Stepping ~*~*~tactically~*~*~ (outnumbered).
 21336 | Lair:4   | 21336 ||| Stepping ~*~*~tactically~*~*~ (outnumbered).
 21338 | Lair:4   | 21338 ||| Stepping ~*~*~tactically~*~*~ (outnumbered).
 21444 | Lair:4   | 21444 ||| INVOKING Heroism.
 21445 | Lair:4   | 21445 ||| Stepping ~*~*~tactically~*~*~ (outnumbered).
 21464 | Lair:4   | 21464 ||| Stepping ~*~*~tactically~*~*~ (outnumbered).
 21569 | Lair:4   | 21569 ||| INVOKING Heroism.
 21570 | Lair:4   | 21570 ||| Stepping ~*~*~tactically~*~*~ (outnumbered).
 21585 | Lair:4   | 21585 ||| Stepping ~*~*~tactically~*~*~ (outnumbered).
 21665 | Lair:4   | 21665 ||| INVOKING Heroism.
 21666 | Lair:4   | 21666 ||| Stepping ~*~*~tactically~*~*~ (outnumbered).
 21780 | Lair:4   | 21780 ||| INVOKING Heroism.
 21781 | Lair:4   | 21781 ||| Stepping ~*~*~tactically~*~*~ (outnumbered).
 21795 | Lair:4   | 21795 ||| Stepping ~*~*~tactically~*~*~ (outnumbered).
 21888 | Lair:4   | You fall into a shaft and drop 1 floor!
 21889 | Lair:5   | 21889 ||| INVOKING Heroism.
 21956 | Lair:4   | 21956 ||| INVOKING Heroism.
 21957 | Lair:4   | 21957 ||| Stepping ~*~*~tactically~*~*~ (outnumbered).
 22071 | Lair:4   | 22071 ||| INVOKING Heroism.
 22072 | Lair:4   | 22072 ||| Stepping ~*~*~tactically~*~*~ (outnumbered).
 22087 | Lair:4   | 22087 ||| Stepping ~*~*~tactically~*~*~ (outnumbered).
 22089 | Lair:4   | 22089 ||| Stepping ~*~*~tactically~*~*~ (outnumbered).
 22091 | Lair:4   | 22091 ||| Stepping ~*~*~tactically~*~*~ (outnumbered).
 22094 | Lair:4   | 22094 ||| Stepping ~*~*~tactically~*~*~ (outnumbered).
 22115 | Lair:4   | 22115 ||| INVOKING Heroism.
 22116 | Lair:4   | 22116 ||| Stepping ~*~*~tactically~*~*~ (outnumbered).
 22130 | Lair:4   | 22130 ||| Stepping ~*~*~tactically~*~*~ (outnumbered).
 22132 | Lair:4   | 22132 ||| Stepping ~*~*~tactically~*~*~ (outnumbered).
 22133 | Lair:4   | 22133 ||| Stepping ~*~*~tactically~*~*~ (outnumbered).
 22135 | Lair:4   | 22135 ||| Stepping ~*~*~tactically~*~*~ (outnumbered).
 22168 | Lair:4   | 22168 ||| INVOKING Heroism.
 22169 | Lair:4   | 22169 ||| Stepping ~*~*~tactically~*~*~ (outnumbered).
 22183 | Lair:4   | 22183 ||| Stepping ~*~*~tactically~*~*~ (outnumbered).
 22185 | Lair:4   | 22185 ||| Stepping ~*~*~tactically~*~*~ (outnumbered).
 22192 | Lair:4   | 22192 ||| Stepping ~*~*~tactically~*~*~ (outnumbered).
 22194 | Lair:4   | 22194 ||| INVOKING Heroism.
 22195 | Lair:4   | 22195 ||| Stepping ~*~*~tactically~*~*~ (outnumbered).
 22230 | Lair:4   | 22230 ||| INVOKING Heroism.
 22231 | Lair:4   | 22231 ||| Stepping ~*~*~tactically~*~*~ (outnumbered).
 22246 | Lair:4   | 22246 ||| Stepping ~*~*~tactically~*~*~ (outnumbered).
 22248 | Lair:4   | 22248 ||| Stepping ~*~*~tactically~*~*~ (outnumbered).
 22250 | Lair:4   | 22250 ||| INVOKING Heroism.
 22251 | Lair:4   | 22251 ||| Stepping ~*~*~tactically~*~*~ (outnumbered).
 22365 | Lair:4   | 22365 ||| INVOKING Heroism.
 22366 | Lair:4   | 22366 ||| Stepping ~*~*~tactically~*~*~ (outnumbered).
 22489 | Lair:4   | 22489 ||| INVOKING Heroism.
 22490 | Lair:4   | 22490 ||| Stepping ~*~*~tactically~*~*~ (outnumbered).
 22535 | Lair:4   | 22535 ||| INVOKING Heroism.
 22536 | Lair:4   | 22536 ||| Stepping ~*~*~tactically~*~*~ (outnumbered).
 22552 | Lair:4   | 22552 ||| Stepping ~*~*~tactically~*~*~ (outnumbered).
 22643 | Lair:4   | You fall into a shaft and drop 1 floor!
 22643 | Lair:5   | Was forgiven by Ignis
 22729 | Lair:4   | 22729 ||| INVOKING Heroism.
 22730 | Lair:4   | 22730 ||| Stepping ~*~*~tactically~*~*~ (outnumbered).
 22744 | Lair:4   | 22744 ||| Stepping ~*~*~tactically~*~*~ (outnumbered).
 22746 | Lair:4   | 22746 ||| INVOKING Heroism.
 22747 | Lair:4   | 22747 ||| Stepping ~*~*~tactically~*~*~ (outnumbered).
 22765 | Lair:4   | 22765 ||| Stepping ~*~*~tactically~*~*~ (outnumbered).
 22873 | Lair:4   | 22873 ||| INVOKING Heroism.
 22874 | Lair:4   | 22874 ||| Stepping ~*~*~tactically~*~*~ (outnumbered).
 22910 | Lair:4   | 22910 ||| INVOKING Heroism.
 22911 | Lair:4   | 22911 ||| Stepping ~*~*~tactically~*~*~ (outnumbered).
 22931 | Lair:4   | 22931 ||| INVOKING Heroism.
 22932 | Lair:4   | 22932 ||| Stepping ~*~*~tactically~*~*~ (outnumbered).
 23061 | Lair:4   | 23061 ||| INVOKING Heroism.
 23062 | Lair:4   | 23062 ||| Stepping ~*~*~tactically~*~*~ (outnumbered).
 23090 | Lair:4   | 23090 ||| INVOKING Heroism.
 23091 | Lair:4   | 23091 ||| Stepping ~*~*~tactically~*~*~ (outnumbered).
 23105 | Lair:4   | 23105 ||| Stepping ~*~*~tactically~*~*~ (outnumbered).
 23215 | Lair:4   | 23215 ||| INVOKING Heroism.
 23216 | Lair:4   | 23216 ||| Stepping ~*~*~tactically~*~*~ (outnumbered).
 23230 | Lair:4   | 23230 ||| Stepping ~*~*~tactically~*~*~ (outnumbered).
 23232 | Lair:4   | 23232 ||| Stepping ~*~*~tactically~*~*~ (outnumbered).
 23234 | Lair:4   | 23234 ||| Stepping ~*~*~tactically~*~*~ (outnumbered).
 23336 | Lair:4   | 23336 ||| INVOKING Heroism.
 23337 | Lair:4   | 23337 ||| Stepping ~*~*~tactically~*~*~ (outnumbered).
 23351 | Lair:4   | 23351 ||| Stepping ~*~*~tactically~*~*~ (outnumbered).
 23353 | Lair:4   | 23353 ||| Stepping ~*~*~tactically~*~*~ (outnumbered).
 23355 | Lair:4   | 23355 ||| Stepping ~*~*~tactically~*~*~ (outnumbered).
 23373 | Lair:4   | 23373 ||| INVOKING Heroism.
 23374 | Lair:4   | 23374 ||| Stepping ~*~*~tactically~*~*~ (outnumbered).
 23389 | Lair:4   | 23389 ||| Stepping ~*~*~tactically~*~*~ (outnumbered).
 23391 | Lair:4   | 23391 ||| Stepping ~*~*~tactically~*~*~ (outnumbered).
 23393 | Lair:4   | 23393 ||| INVOKING Heroism.
 23394 | Lair:4   | 23394 ||| Stepping ~*~*~tactically~*~*~ (outnumbered).
 23408 | Lair:4   | 23408 ||| Stepping ~*~*~tactically~*~*~ (outnumbered).
 23410 | Lair:4   | 23410 ||| Stepping ~*~*~tactically~*~*~ (outnumbered).
 23524 | Lair:4   | 23524 ||| INVOKING Heroism.
 23525 | Lair:4   | 23525 ||| Stepping ~*~*~tactically~*~*~ (outnumbered).
 23639 | Lair:4   | 23639 ||| INVOKING Heroism.
 23640 | Lair:4   | 23640 ||| Stepping ~*~*~tactically~*~*~ (outnumbered).
 23681 | Lair:4   | 23681 ||| INVOKING Heroism.
 23682 | Lair:4   | 23682 ||| Stepping ~*~*~tactically~*~*~ (outnumbered).
 23708 | Lair:4   | 23708 ||| INVOKING Heroism.
 23709 | Lair:4   | 23709 ||| Stepping ~*~*~tactically~*~*~ (outnumbered).
 23723 | Lair:4   | 23723 ||| Stepping ~*~*~tactically~*~*~ (outnumbered).
 23725 | Lair:4   | 23725 ||| Stepping ~*~*~tactically~*~*~ (outnumbered).
 23744 | Lair:4   | 23744 ||| INVOKING Heroism.
 23745 | Lair:4   | 23745 ||| Stepping ~*~*~tactically~*~*~ (outnumbered).
 23773 | Lair:4   | 23773 ||| INVOKING Heroism.
 23774 | Lair:4   | 23774 ||| Stepping ~*~*~tactically~*~*~ (outnumbered).
 23793 | Lair:4   | 23793 ||| Stepping ~*~*~tactically~*~*~ (outnumbered).
 23795 | Lair:4   | 23795 ||| INVOKING Heroism.
 23796 | Lair:4   | 23796 ||| Stepping ~*~*~tactically~*~*~ (outnumbered).
 23810 | Lair:4   | 23810 ||| Stepping ~*~*~tactically~*~*~ (outnumbered).
 23812 | Lair:4   | 23812 ||| Stepping ~*~*~tactically~*~*~ (outnumbered).
 23814 | Lair:4   | 23814 ||| Stepping ~*~*~tactically~*~*~ (outnumbered).
 23918 | Lair:4   | 23918 ||| INVOKING Heroism.
 23919 | Lair:4   | 23919 ||| Stepping ~*~*~tactically~*~*~ (outnumbered).
 23936 | Lair:4   | 23936 ||| Stepping ~*~*~tactically~*~*~ (outnumbered).
 24046 | Lair:4   | 24046 ||| INVOKING Heroism.
 24047 | Lair:4   | 24047 ||| Stepping ~*~*~tactically~*~*~ (outnumbered).
 24080 | Lair:4   | 24080 ||| Stepping ~*~*~tactically~*~*~ (outnumbered).
 24096 | Lair:4   | 24096 ||| Stepping ~*~*~tactically~*~*~ (outnumbered).
 24098 | Lair:4   | 24098 ||| Stepping ~*~*~tactically~*~*~ (outnumbered).
 24100 | Lair:4   | 24100 ||| Stepping ~*~*~tactically~*~*~ (outnumbered).
 24102 | Lair:4   | 24102 ||| Stepping ~*~*~tactically~*~*~ (outnumbered).
 24104 | Lair:4   | 24104 ||| Stepping ~*~*~tactically~*~*~ (outnumbered).
 24106 | Lair:4   | 24106 ||| Stepping ~*~*~tactically~*~*~ (outnumbered).
 24108 | Lair:4   | 24108 ||| Stepping ~*~*~tactically~*~*~ (outnumbered).
 24118 | Lair:4   | 24118 ||| Stepping ~*~*~tactically~*~*~ (outnumbered).
 24221 | Lair:4   | 24221 ||| Stepping ~*~*~tactically~*~*~ (outnumbered).
 24230 | Lair:4   | 24230 ||| Stepping ~*~*~tactically~*~*~ (outnumbered).
 24332 | Lair:4   | 24332 ||| Stepping ~*~*~tactically~*~*~ (outnumbered).
 24342 | Lair:4   | 24342 ||| Stepping ~*~*~tactically~*~*~ (outnumbered).
 24456 | Lair:4   | 24456 ||| Stepping ~*~*~tactically~*~*~ (outnumbered).
 24458 | Lair:4   | 24458 ||| Stepping ~*~*~tactically~*~*~ (outnumbered).
 24460 | Lair:4   | 24460 ||| Stepping ~*~*~tactically~*~*~ (outnumbered).
 24462 | Lair:4   | 24462 ||| Stepping ~*~*~tactically~*~*~ (outnumbered).
 24507 | Lair:4   | 24507 ||| Stepping ~*~*~tactically~*~*~ (outnumbered).
 24616 | Lair:4   | 24616 ||| Stepping ~*~*~tactically~*~*~ (outnumbered).
 24618 | Lair:4   | 24618 ||| Stepping ~*~*~tactically~*~*~ (outnumbered).
 24620 | Lair:4   | 24620 ||| Stepping ~*~*~tactically~*~*~ (outnumbered).
 24637 | Lair:4   | 24637 ||| Stepping ~*~*~tactically~*~*~ (outnumbered).
 24639 | Lair:4   | 24639 ||| Stepping ~*~*~tactically~*~*~ (outnumbered).
 24641 | Lair:4   | 24641 ||| Stepping ~*~*~tactically~*~*~ (outnumbered).
 24643 | Lair:4   | 24643 ||| Stepping ~*~*~tactically~*~*~ (outnumbered).
 24645 | Lair:4   | 24645 ||| Stepping ~*~*~tactically~*~*~ (outnumbered).
 24662 | Lair:4   | 24662 ||| Stepping ~*~*~tactically~*~*~ (outnumbered).
 24764 | Lair:4   | 24764 ||| Stepping ~*~*~tactically~*~*~ (outnumbered).
 24773 | Lair:4   | 24773 ||| Stepping ~*~*~tactically~*~*~ (outnumbered).
 24782 | Lair:4   | 24782 ||| Stepping ~*~*~tactically~*~*~ (outnumbered).
 24895 | Lair:4   | 24895 ||| Stepping ~*~*~tactically~*~*~ (outnumbered).
 24897 | Lair:4   | 24897 ||| Stepping ~*~*~tactically~*~*~ (outnumbered).
 24899 | Lair:4   | 24899 ||| Stepping ~*~*~tactically~*~*~ (outnumbered).
 24901 | Lair:4   | 24901 ||| Stepping ~*~*~tactically~*~*~ (outnumbered).
 25028 | Lair:4   | 25028 ||| Stepping ~*~*~tactically~*~*~ (outnumbered).
 25030 | Lair:4   | 25030 ||| Stepping ~*~*~tactically~*~*~ (outnumbered).
 25056 | Lair:4   | 25056 ||| Stepping ~*~*~tactically~*~*~ (outnumbered).
 25078 | Lair:4   | 25078 ||| Stepping ~*~*~tactically~*~*~ (outnumbered).
 25080 | Lair:4   | 25080 ||| Stepping ~*~*~tactically~*~*~ (outnumbered).
 25082 | Lair:4   | 25082 ||| Stepping ~*~*~tactically~*~*~ (outnumbered).
 25084 | Lair:4   | 25084 ||| Stepping ~*~*~tactically~*~*~ (outnumbered).
 25209 | Lair:4   | 25209 ||| Stepping ~*~*~tactically~*~*~ (outnumbered).
 25222 | Lair:4   | 25222 ||| Stepping ~*~*~tactically~*~*~ (outnumbered).
 25224 | Lair:4   | 25224 ||| Stepping ~*~*~tactically~*~*~ (outnumbered).
 25226 | Lair:4   | 25226 ||| Stepping ~*~*~tactically~*~*~ (outnumbered).
 25335 | Lair:4   | 25335 ||| Stepping ~*~*~tactically~*~*~ (outnumbered).
 25343 | Lair:4   | 25343 ||| Stepping ~*~*~tactically~*~*~ (outnumbered).
 25362 | Lair:4   | 25362 ||| Stepping ~*~*~tactically~*~*~ (outnumbered).
 25364 | Lair:4   | 25364 ||| Stepping ~*~*~tactically~*~*~ (outnumbered).
 25366 | Lair:4   | 25366 ||| Stepping ~*~*~tactically~*~*~ (outnumbered).
 25393 | Lair:4   | 25393 ||| Stepping ~*~*~tactically~*~*~ (outnumbered).
 25413 | Lair:4   | 25413 ||| Stepping ~*~*~tactically~*~*~ (outnumbered).
 25415 | Lair:4   | 25415 ||| Stepping ~*~*~tactically~*~*~ (outnumbered).
 25417 | Lair:4   | 25417 ||| Stepping ~*~*~tactically~*~*~ (outnumbered).
 25438 | Lair:4   | 25438 ||| Stepping ~*~*~tactically~*~*~ (outnumbered).
 25454 | Lair:4   | 25454 ||| Stepping ~*~*~tactically~*~*~ (outnumbered).
 25467 | Lair:4   | 25467 ||| Stepping ~*~*~tactically~*~*~ (outnumbered).
 25469 | Lair:4   | 25469 ||| Stepping ~*~*~tactically~*~*~ (outnumbered).
 25471 | Lair:4   | 25471 ||| Stepping ~*~*~tactically~*~*~ (outnumbered).
 25473 | Lair:4   | 25473 ||| Stepping ~*~*~tactically~*~*~ (outnumbered).
 25579 | Lair:4   | 25579 ||| Stepping ~*~*~tactically~*~*~ (outnumbered).
 25599 | Lair:4   | 25599 ||| Stepping ~*~*~tactically~*~*~ (outnumbered).
 25601 | Lair:4   | 25601 ||| Stepping ~*~*~tactically~*~*~ (outnumbered).
 25603 | Lair:4   | 25603 ||| Stepping ~*~*~tactically~*~*~ (outnumbered).
 25605 | Lair:4   | 25605 ||| Stepping ~*~*~tactically~*~*~ (outnumbered).
 25607 | Lair:4   | 25607 ||| Stepping ~*~*~tactically~*~*~ (outnumbered).
 25625 | Lair:4   | 25625 ||| Stepping ~*~*~tactically~*~*~ (outnumbered).
 25646 | Lair:4   | 25646 ||| Stepping ~*~*~tactically~*~*~ (outnumbered).
 25648 | Lair:4   | 25648 ||| Stepping ~*~*~tactically~*~*~ (outnumbered).
 25665 | Lair:4   | 25665 ||| Stepping ~*~*~tactically~*~*~ (outnumbered).
 25667 | Lair:4   | 25667 ||| Stepping ~*~*~tactically~*~*~ (outnumbered).
 25696 | Lair:4   | 25696 ||| Stepping ~*~*~tactically~*~*~ (outnumbered).
 25698 | Lair:4   | 25698 ||| Stepping ~*~*~tactically~*~*~ (outnumbered).
 25706 | Lair:4   | 25706 ||| Stepping ~*~*~tactically~*~*~ (outnumbered).
 25718 | Lair:4   | 25718 ||| Stepping ~*~*~tactically~*~*~ (outnumbered).
 25744 | Lair:4   | 25744 ||| Stepping ~*~*~tactically~*~*~ (outnumbered).
 25750 | Lair:4   | 25750 ||| Stepping ~*~*~tactically~*~*~ (outnumbered).
 25752 | Lair:4   | 25752 ||| Stepping ~*~*~tactically~*~*~ (outnumbered).
 25754 | Lair:4   | 25754 ||| Stepping ~*~*~tactically~*~*~ (outnumbered).
 25756 | Lair:4   | 25756 ||| Stepping ~*~*~tactically~*~*~ (outnumbered).
 25758 | Lair:4   | 25758 ||| Stepping ~*~*~tactically~*~*~ (outnumbered).
 25760 | Lair:4   | 25760 ||| Stepping ~*~*~tactically~*~*~ (outnumbered).
 25780 | Lair:4   | 25780 ||| Stepping ~*~*~tactically~*~*~ (outnumbered).
 25782 | Lair:4   | 25782 ||| Stepping ~*~*~tactically~*~*~ (outnumbered).
 25784 | Lair:4   | 25784 ||| Stepping ~*~*~tactically~*~*~ (outnumbered).
 25786 | Lair:4   | 25786 ||| Stepping ~*~*~tactically~*~*~ (outnumbered).
 25805 | Lair:4   | 25805 ||| Stepping ~*~*~tactically~*~*~ (outnumbered).
 25807 | Lair:4   | 25807 ||| Stepping ~*~*~tactically~*~*~ (outnumbered).
 25818 | Lair:4   | 25818 ||| Stepping ~*~*~tactically~*~*~ (outnumbered).
 25820 | Lair:4   | 25820 ||| Stepping ~*~*~tactically~*~*~ (outnumbered).
 25833 | Lair:4   | 25833 ||| Stepping ~*~*~tactically~*~*~ (outnumbered).
 25835 | Lair:4   | 25835 ||| Stepping ~*~*~tactically~*~*~ (outnumbered).
 25848 | Lair:4   | 25848 ||| Stepping ~*~*~tactically~*~*~ (outnumbered).
 25850 | Lair:4   | 25850 ||| Stepping ~*~*~tactically~*~*~ (outnumbered).
 25852 | Lair:4   | 25852 ||| Stepping ~*~*~tactically~*~*~ (outnumbered).
 25854 | Lair:4   | 25854 ||| Stepping ~*~*~tactically~*~*~ (outnumbered).
 25856 | Lair:4   | 25856 ||| Stepping ~*~*~tactically~*~*~ (outnumbered).
 25858 | Lair:4   | 25858 ||| Stepping ~*~*~tactically~*~*~ (outnumbered).
 25860 | Lair:4   | 25860 ||| Stepping ~*~*~tactically~*~*~ (outnumbered).
 25880 | Lair:4   | 25880 ||| Stepping ~*~*~tactically~*~*~ (outnumbered).
 25882 | Lair:4   | 25882 ||| Stepping ~*~*~tactically~*~*~ (outnumbered).
 25903 | Lair:4   | 25903 ||| Stepping ~*~*~tactically~*~*~ (outnumbered).
 25905 | Lair:4   | 25905 ||| Stepping ~*~*~tactically~*~*~ (outnumbered).
 25907 | Lair:4   | 25907 ||| Stepping ~*~*~tactically~*~*~ (outnumbered).
 25909 | Lair:4   | 25909 ||| Stepping ~*~*~tactically~*~*~ (outnumbered).
 25911 | Lair:4   | 25911 ||| Stepping ~*~*~tactically~*~*~ (outnumbered).
 25927 | Lair:4   | 25927 ||| Stepping ~*~*~tactically~*~*~ (outnumbered).
 25942 | Lair:4   | 25942 ||| Stepping ~*~*~tactically~*~*~ (outnumbered).
 26044 | Lair:4   | 26044 ||| Stepping ~*~*~tactically~*~*~ (outnumbered).
 26046 | Lair:4   | 26046 ||| Stepping ~*~*~tactically~*~*~ (outnumbered).
 26048 | Lair:4   | 26048 ||| Stepping ~*~*~tactically~*~*~ (outnumbered).
 26163 | Lair:4   | 26163 ||| Stepping ~*~*~tactically~*~*~ (outnumbered).
 26165 | Lair:4   | 26165 ||| Stepping ~*~*~tactically~*~*~ (outnumbered).
 26282 | Lair:4   | 26282 ||| Stepping ~*~*~tactically~*~*~ (outnumbered).
 26284 | Lair:4   | 26284 ||| Stepping ~*~*~tactically~*~*~ (outnumbered).
 26313 | Lair:4   | 26313 ||| Stepping ~*~*~tactically~*~*~ (outnumbered).
 26315 | Lair:4   | 26315 ||| Stepping ~*~*~tactically~*~*~ (outnumbered).
 26426 | Lair:4   | 26426 ||| Stepping ~*~*~tactically~*~*~ (outnumbered).
 26428 | Lair:4   | 26428 ||| Stepping ~*~*~tactically~*~*~ (outnumbered).
 26462 | Lair:4   | 26462 ||| Stepping ~*~*~tactically~*~*~ (outnumbered).
 26476 | Lair:4   | 26476 ||| Stepping ~*~*~tactically~*~*~ (outnumbered).
 26484 | Lair:4   | 26484 ||| Stepping ~*~*~tactically~*~*~ (outnumbered).
 26486 | Lair:4   | 26486 ||| Stepping ~*~*~tactically~*~*~ (outnumbered).
 26488 | Lair:4   | 26488 ||| Stepping ~*~*~tactically~*~*~ (outnumbered).
 26492 | Lair:4   | 26492 ||| Stepping ~*~*~tactically~*~*~ (outnumbered).
 26603 | Lair:4   | 26603 ||| Stepping ~*~*~tactically~*~*~ (outnumbered).
 26605 | Lair:4   | 26605 ||| Stepping ~*~*~tactically~*~*~ (outnumbered).
 26712 | Lair:4   | 26712 ||| Stepping ~*~*~tactically~*~*~ (outnumbered).
 26714 | Lair:4   | 26714 ||| Stepping ~*~*~tactically~*~*~ (outnumbered).
 26716 | Lair:4   | 26716 ||| Stepping ~*~*~tactically~*~*~ (outnumbered).
 26744 | Lair:4   | 26744 ||| Stepping ~*~*~tactically~*~*~ (outnumbered).
 26855 | Lair:4   | 26855 ||| Stepping ~*~*~tactically~*~*~ (outnumbered).
 26876 | Lair:4   | 26876 ||| Stepping ~*~*~tactically~*~*~ (outnumbered).
 26878 | Lair:4   | 26878 ||| Stepping ~*~*~tactically~*~*~ (outnumbered).
 26901 | Lair:4   | 26901 ||| Stepping ~*~*~tactically~*~*~ (outnumbered).
 27014 | Lair:4   | 27014 ||| Stepping ~*~*~tactically~*~*~ (outnumbered).
 27048 | Lair:4   | 27048 ||| Stepping ~*~*~tactically~*~*~ (outnumbered).
 27050 | Lair:4   | 27050 ||| Stepping ~*~*~tactically~*~*~ (outnumbered).
 27052 | Lair:4   | 27052 ||| Stepping ~*~*~tactically~*~*~ (outnumbered).
 27054 | Lair:4   | 27054 ||| Stepping ~*~*~tactically~*~*~ (outnumbered).
 27163 | Lair:4   | 27163 ||| Stepping ~*~*~tactically~*~*~ (outnumbered).
 27170 | Lair:4   | 27170 ||| Stepping ~*~*~tactically~*~*~ (outnumbered).
 27172 | Lair:4   | 27172 ||| Stepping ~*~*~tactically~*~*~ (outnumbered).
 27177 | Lair:4   | 27177 ||| Stepping ~*~*~tactically~*~*~ (outnumbered).
 27284 | Lair:4   | 27284 ||| Stepping ~*~*~tactically~*~*~ (outnumbered).
 27286 | Lair:4   | 27286 ||| Stepping ~*~*~tactically~*~*~ (outnumbered).
 27288 | Lair:4   | 27288 ||| Stepping ~*~*~tactically~*~*~ (outnumbered).
 27290 | Lair:4   | 27290 ||| Stepping ~*~*~tactically~*~*~ (outnumbered).
 27304 | Lair:4   | 27304 ||| Stepping ~*~*~tactically~*~*~ (outnumbered).
 27327 | Lair:4   | 27327 ||| Stepping ~*~*~tactically~*~*~ (outnumbered).
 27434 | Lair:4   | 27434 ||| Stepping ~*~*~tactically~*~*~ (outnumbered).
 27436 | Lair:4   | 27436 ||| Stepping ~*~*~tactically~*~*~ (outnumbered).
 27438 | Lair:4   | 27438 ||| Stepping ~*~*~tactically~*~*~ (outnumbered).
 27440 | Lair:4   | 27440 ||| Stepping ~*~*~tactically~*~*~ (outnumbered).
 27442 | Lair:4   | 27442 ||| Stepping ~*~*~tactically~*~*~ (outnumbered).
 27444 | Lair:4   | 27444 ||| Stepping ~*~*~tactically~*~*~ (outnumbered).
 27447 | Lair:4   | 27447 ||| Stepping ~*~*~tactically~*~*~ (outnumbered).
 27459 | Lair:4   | 27459 ||| Stepping ~*~*~tactically~*~*~ (outnumbered).
 27463 | Lair:4   | 27463 ||| Stepping ~*~*~tactically~*~*~ (outnumbered).
 27465 | Lair:4   | 27465 ||| Stepping ~*~*~tactically~*~*~ (outnumbered).
 27483 | Lair:4   | 27483 ||| Stepping ~*~*~tactically~*~*~ (outnumbered).
 27592 | Lair:4   | 27592 ||| Stepping ~*~*~tactically~*~*~ (outnumbered).
 27706 | Lair:4   | 27706 ||| Stepping ~*~*~tactically~*~*~ (outnumbered).
 27708 | Lair:4   | 27708 ||| Stepping ~*~*~tactically~*~*~ (outnumbered).
 27731 | Lair:4   | 27731 ||| Stepping ~*~*~tactically~*~*~ (outnumbered).
 27748 | Lair:4   | 27748 ||| Stepping ~*~*~tactically~*~*~ (outnumbered).
 27750 | Lair:4   | 27750 ||| Stepping ~*~*~tactically~*~*~ (outnumbered).
 27752 | Lair:4   | 27752 ||| Stepping ~*~*~tactically~*~*~ (outnumbered).
 27855 | Lair:4   | 27855 ||| Stepping ~*~*~tactically~*~*~ (outnumbered).
 27857 | Lair:4   | 27857 ||| Stepping ~*~*~tactically~*~*~ (outnumbered).
 27859 | Lair:4   | 27859 ||| Stepping ~*~*~tactically~*~*~ (outnumbered).
 27885 | Lair:4   | 27885 ||| Stepping ~*~*~tactically~*~*~ (outnumbered).
 27887 | Lair:4   | 27887 ||| Stepping ~*~*~tactically~*~*~ (outnumbered).
 27999 | Lair:4   | 27999 ||| Stepping ~*~*~tactically~*~*~ (outnumbered).
 28112 | Lair:4   | 28112 ||| Stepping ~*~*~tactically~*~*~ (outnumbered).
 28114 | Lair:4   | 28114 ||| Stepping ~*~*~tactically~*~*~ (outnumbered).
 28116 | Lair:4   | 28116 ||| Stepping ~*~*~tactically~*~*~ (outnumbered).
 28118 | Lair:4   | 28118 ||| Stepping ~*~*~tactically~*~*~ (outnumbered).
 28123 | Lair:4   | 28123 ||| Stepping ~*~*~tactically~*~*~ (outnumbered).
 28139 | Lair:4   | 28139 ||| Stepping ~*~*~tactically~*~*~ (outnumbered).
 28159 | Lair:4   | 28159 ||| Stepping ~*~*~tactically~*~*~ (outnumbered).
 28161 | Lair:4   | 28161 ||| Stepping ~*~*~tactically~*~*~ (outnumbered).
 28178 | Lair:4   | 28178 ||| Stepping ~*~*~tactically~*~*~ (outnumbered).
 28282 | Lair:4   | 28282 ||| Stepping ~*~*~tactically~*~*~ (outnumbered).
 28284 | Lair:4   | 28284 ||| Stepping ~*~*~tactically~*~*~ (outnumbered).
 28394 | Lair:4   | 28394 ||| Stepping ~*~*~tactically~*~*~ (outnumbered).
 28396 | Lair:4   | 28396 ||| Stepping ~*~*~tactically~*~*~ (outnumbered).
 28498 | Lair:4   | 28498 ||| Stepping ~*~*~tactically~*~*~ (outnumbered).
 28500 | Lair:4   | 28500 ||| Stepping ~*~*~tactically~*~*~ (outnumbered).
 28502 | Lair:4   | 28502 ||| Stepping ~*~*~tactically~*~*~ (outnumbered).
 28512 | Lair:4   | 28512 ||| Stepping ~*~*~tactically~*~*~ (outnumbered).
 28514 | Lair:4   | 28514 ||| Stepping ~*~*~tactically~*~*~ (outnumbered).
 28516 | Lair:4   | 28516 ||| Stepping ~*~*~tactically~*~*~ (outnumbered).
 28518 | Lair:4   | 28518 ||| Stepping ~*~*~tactically~*~*~ (outnumbered).
 28644 | Lair:4   | 28644 ||| Stepping ~*~*~tactically~*~*~ (outnumbered).
 28749 | Lair:4   | 28749 ||| Stepping ~*~*~tactically~*~*~ (outnumbered).
 28767 | Lair:4   | 28767 ||| Stepping ~*~*~tactically~*~*~ (outnumbered).
 28793 | Lair:4   | 28793 ||| Stepping ~*~*~tactically~*~*~ (outnumbered).
 28795 | Lair:4   | 28795 ||| Stepping ~*~*~tactically~*~*~ (outnumbered).
 28909 | Lair:4   | 28909 ||| Stepping ~*~*~tactically~*~*~ (outnumbered).
 28921 | Lair:4   | 28921 ||| Stepping ~*~*~tactically~*~*~ (outnumbered).
 28923 | Lair:4   | 28923 ||| Stepping ~*~*~tactically~*~*~ (outnumbered).
 28943 | Lair:4   | 28943 ||| Stepping ~*~*~tactically~*~*~ (outnumbered).
 28945 | Lair:4   | 28945 ||| Stepping ~*~*~tactically~*~*~ (outnumbered).
 28947 | Lair:4   | 28947 ||| Stepping ~*~*~tactically~*~*~ (outnumbered).
 29062 | Lair:4   | 29062 ||| Stepping ~*~*~tactically~*~*~ (outnumbered).
 29064 | Lair:4   | 29064 ||| Stepping ~*~*~tactically~*~*~ (outnumbered).
 29066 | Lair:4   | 29066 ||| Stepping ~*~*~tactically~*~*~ (outnumbered).
 29068 | Lair:4   | 29068 ||| Stepping ~*~*~tactically~*~*~ (outnumbered).
 29183 | Lair:4   | 29183 ||| Stepping ~*~*~tactically~*~*~ (outnumbered).
 29191 | Lair:4   | 29191 ||| Stepping ~*~*~tactically~*~*~ (outnumbered).
 29216 | Lair:4   | 29216 ||| Stepping ~*~*~tactically~*~*~ (outnumbered).
 29325 | Lair:4   | 29325 ||| Stepping ~*~*~tactically~*~*~ (outnumbered).
 29327 | Lair:4   | 29327 ||| Stepping ~*~*~tactically~*~*~ (outnumbered).
 29329 | Lair:4   | 29329 ||| Stepping ~*~*~tactically~*~*~ (outnumbered).
 29358 | Lair:4   | 29358 ||| Stepping ~*~*~tactically~*~*~ (outnumbered).
 29360 | Lair:4   | 29360 ||| Stepping ~*~*~tactically~*~*~ (outnumbered).
 29398 | Lair:4   | 29398 ||| Stepping ~*~*~tactically~*~*~ (outnumbered).
 29428 | Lair:4   | 29428 ||| Stepping ~*~*~tactically~*~*~ (outnumbered).
 29430 | Lair:4   | 29430 ||| Stepping ~*~*~tactically~*~*~ (outnumbered).
 29538 | Lair:4   | 29538 ||| Stepping ~*~*~tactically~*~*~ (outnumbered).
 29540 | Lair:4   | 29540 ||| Stepping ~*~*~tactically~*~*~ (outnumbered).
 29542 | Lair:4   | 29542 ||| Stepping ~*~*~tactically~*~*~ (outnumbered).
 29544 | Lair:4   | 29544 ||| Stepping ~*~*~tactically~*~*~ (outnumbered).
 29551 | Lair:4   | 29551 ||| Stepping ~*~*~tactically~*~*~ (outnumbered).
 29553 | Lair:4   | 29553 ||| Stepping ~*~*~tactically~*~*~ (outnumbered).
 29573 | Lair:4   | 29573 ||| Stepping ~*~*~tactically~*~*~ (outnumbered).
 29575 | Lair:4   | 29575 ||| Stepping ~*~*~tactically~*~*~ (outnumbered).
 29588 | Lair:4   | 29588 ||| Stepping ~*~*~tactically~*~*~ (outnumbered).
 29700 | Lair:4   | 29700 ||| Stepping ~*~*~tactically~*~*~ (outnumbered).
 29718 | Lair:4   | 29718 ||| Stepping ~*~*~tactically~*~*~ (outnumbered).
 29720 | Lair:4   | 29720 ||| Stepping ~*~*~tactically~*~*~ (outnumbered).
 29722 | Lair:4   | 29722 ||| Stepping ~*~*~tactically~*~*~ (outnumbered).
 29724 | Lair:4   | 29724 ||| Stepping ~*~*~tactically~*~*~ (outnumbered).
 29835 | Lair:4   | 29835 ||| Stepping ~*~*~tactically~*~*~ (outnumbered).
 29940 | Lair:4   | 29940 ||| Stepping ~*~*~tactically~*~*~ (outnumbered).
 29942 | Lair:4   | 29942 ||| Stepping ~*~*~tactically~*~*~ (outnumbered).
 29944 | Lair:4   | 29944 ||| Stepping ~*~*~tactically~*~*~ (outnumbered).
 29946 | Lair:4   | 29946 ||| Stepping ~*~*~tactically~*~*~ (outnumbered).
 29948 | Lair:4   | 29948 ||| Stepping ~*~*~tactically~*~*~ (outnumbered).
 29965 | Lair:4   | 29965 ||| Stepping ~*~*~tactically~*~*~ (outnumbered).
 29967 | Lair:4   | 29967 ||| Stepping ~*~*~tactically~*~*~ (outnumbered).
 29980 | Lair:4   | 29980 ||| Stepping ~*~*~tactically~*~*~ (outnumbered).
 29982 | Lair:4   | 29982 ||| Stepping ~*~*~tactically~*~*~ (outnumbered).
 29984 | Lair:4   | 29984 ||| Stepping ~*~*~tactically~*~*~ (outnumbered).
 29986 | Lair:4   | 29986 ||| Stepping ~*~*~tactically~*~*~ (outnumbered).
 30005 | Lair:4   | 30005 ||| Stepping ~*~*~tactically~*~*~ (outnumbered).
 30113 | Lair:4   | 30113 ||| Stepping ~*~*~tactically~*~*~ (outnumbered).
 30226 | Lair:4   | 30226 ||| Stepping ~*~*~tactically~*~*~ (outnumbered).
 30252 | Lair:4   | 30252 ||| Stepping ~*~*~tactically~*~*~ (outnumbered).
 30254 | Lair:4   | 30254 ||| Stepping ~*~*~tactically~*~*~ (outnumbered).
 30256 | Lair:4   | 30256 ||| Stepping ~*~*~tactically~*~*~ (outnumbered).
 30258 | Lair:4   | 30258 ||| Stepping ~*~*~tactically~*~*~ (outnumbered).
 30265 | Lair:4   | 30265 ||| Stepping ~*~*~tactically~*~*~ (outnumbered).
 30267 | Lair:4   | 30267 ||| Stepping ~*~*~tactically~*~*~ (outnumbered).
 30375 | Lair:4   | 30375 ||| Stepping ~*~*~tactically~*~*~ (outnumbered).
 30377 | Lair:4   | 30377 ||| Stepping ~*~*~tactically~*~*~ (outnumbered).
 30379 | Lair:4   | 30379 ||| Stepping ~*~*~tactically~*~*~ (outnumbered).
 30381 | Lair:4   | 30381 ||| Stepping ~*~*~tactically~*~*~ (outnumbered).
 30383 | Lair:4   | 30383 ||| Stepping ~*~*~tactically~*~*~ (outnumbered).
 30385 | Lair:4   | 30385 ||| Stepping ~*~*~tactically~*~*~ (outnumbered).
 30494 | Lair:4   | 30494 ||| Stepping ~*~*~tactically~*~*~ (outnumbered).
 30525 | Lair:4   | 30525 ||| Stepping ~*~*~tactically~*~*~ (outnumbered).
 30657 | Lair:4   | 30657 ||| Stepping ~*~*~tactically~*~*~ (outnumbered).
 30759 | Lair:4   | 30759 ||| Stepping ~*~*~tactically~*~*~ (outnumbered).
 30875 | Lair:4   | 30875 ||| Stepping ~*~*~tactically~*~*~ (outnumbered).
 30877 | Lair:4   | 30877 ||| Stepping ~*~*~tactically~*~*~ (outnumbered).
 30879 | Lair:4   | 30879 ||| Stepping ~*~*~tactically~*~*~ (outnumbered).
 30903 | Lair:4   | 30903 ||| Stepping ~*~*~tactically~*~*~ (outnumbered).
 30905 | Lair:4   | 30905 ||| Stepping ~*~*~tactically~*~*~ (outnumbered).
 30907 | Lair:4   | 30907 ||| Stepping ~*~*~tactically~*~*~ (outnumbered).
 30909 | Lair:4   | 30909 ||| Stepping ~*~*~tactically~*~*~ (outnumbered).
 30936 | Lair:4   | 30936 ||| Stepping ~*~*~tactically~*~*~ (outnumbered).
 30938 | Lair:4   | 30938 ||| Stepping ~*~*~tactically~*~*~ (outnumbered).
 30965 | Lair:4   | 30965 ||| Stepping ~*~*~tactically~*~*~ (outnumbered).
 30983 | Lair:4   | 30983 ||| Stepping ~*~*~tactically~*~*~ (outnumbered).
 31015 | Lair:4   | 31015 ||| Stepping ~*~*~tactically~*~*~ (outnumbered).
 31029 | Lair:4   | 31029 ||| Stepping ~*~*~tactically~*~*~ (outnumbered).
 31031 | Lair:4   | 31031 ||| Stepping ~*~*~tactically~*~*~ (outnumbered).
 31033 | Lair:4   | 31033 ||| Stepping ~*~*~tactically~*~*~ (outnumbered).
 31035 | Lair:4   | 31035 ||| Stepping ~*~*~tactically~*~*~ (outnumbered).
 31037 | Lair:4   | 31037 ||| Stepping ~*~*~tactically~*~*~ (outnumbered).
 31039 | Lair:4   | 31039 ||| Stepping ~*~*~tactically~*~*~ (outnumbered).
 31141 | Lair:4   | 31141 ||| Stepping ~*~*~tactically~*~*~ (outnumbered).
 31143 | Lair:4   | 31143 ||| Stepping ~*~*~tactically~*~*~ (outnumbered).
 31145 | Lair:4   | 31145 ||| Stepping ~*~*~tactically~*~*~ (outnumbered).
 31147 | Lair:4   | 31147 ||| Stepping ~*~*~tactically~*~*~ (outnumbered).
 31149 | Lair:4   | 31149 ||| Stepping ~*~*~tactically~*~*~ (outnumbered).
 31151 | Lair:4   | 31151 ||| Stepping ~*~*~tactically~*~*~ (outnumbered).
 31172 | Lair:4   | 31172 ||| Stepping ~*~*~tactically~*~*~ (outnumbered).
 31188 | Lair:4   | 31188 ||| Stepping ~*~*~tactically~*~*~ (outnumbered).
 31214 | Lair:4   | 31214 ||| Stepping ~*~*~tactically~*~*~ (outnumbered).
 31224 | Lair:4   | 31224 ||| Stepping ~*~*~tactically~*~*~ (outnumbered).
 31226 | Lair:4   | 31226 ||| Stepping ~*~*~tactically~*~*~ (outnumbered).
 31328 | Lair:4   | 31328 ||| Stepping ~*~*~tactically~*~*~ (outnumbered).
 31330 | Lair:4   | 31330 ||| Stepping ~*~*~tactically~*~*~ (outnumbered).
 31332 | Lair:4   | 31332 ||| Stepping ~*~*~tactically~*~*~ (outnumbered).
 31369 | Lair:4   | 31369 ||| Stepping ~*~*~tactically~*~*~ (outnumbered).
 31371 | Lair:4   | 31371 ||| Stepping ~*~*~tactically~*~*~ (outnumbered).
 31484 | Lair:4   | 31484 ||| Stepping ~*~*~tactically~*~*~ (outnumbered).
 31486 | Lair:4   | 31486 ||| Stepping ~*~*~tactically~*~*~ (outnumbered).
 31488 | Lair:4   | 31488 ||| Stepping ~*~*~tactically~*~*~ (outnumbered).
 31490 | Lair:4   | 31490 ||| Stepping ~*~*~tactically~*~*~ (outnumbered).
 31492 | Lair:4   | 31492 ||| Stepping ~*~*~tactically~*~*~ (outnumbered).
 31494 | Lair:4   | 31494 ||| Stepping ~*~*~tactically~*~*~ (outnumbered).
 31496 | Lair:4   | 31496 ||| Stepping ~*~*~tactically~*~*~ (outnumbered).
 31498 | Lair:4   | 31498 ||| Stepping ~*~*~tactically~*~*~ (outnumbered).
 31500 | Lair:4   | 31500 ||| Stepping ~*~*~tactically~*~*~ (outnumbered).
 31613 | Lair:4   | 31613 ||| Stepping ~*~*~tactically~*~*~ (outnumbered).
 31615 | Lair:4   | 31615 ||| Stepping ~*~*~tactically~*~*~ (outnumbered).
 31617 | Lair:4   | 31617 ||| Stepping ~*~*~tactically~*~*~ (outnumbered).
 31619 | Lair:4   | 31619 ||| Stepping ~*~*~tactically~*~*~ (outnumbered).
 31621 | Lair:4   | 31621 ||| Stepping ~*~*~tactically~*~*~ (outnumbered).
 31623 | Lair:4   | 31623 ||| Stepping ~*~*~tactically~*~*~ (outnumbered).
 31625 | Lair:4   | 31625 ||| Stepping ~*~*~tactically~*~*~ (outnumbered).
 31653 | Lair:4   | 31653 ||| Stepping ~*~*~tactically~*~*~ (outnumbered).
 31655 | Lair:4   | 31655 ||| Stepping ~*~*~tactically~*~*~ (outnumbered).
 31657 | Lair:4   | 31657 ||| Stepping ~*~*~tactically~*~*~ (outnumbered).
 31659 | Lair:4   | 31659 ||| Stepping ~*~*~tactically~*~*~ (outnumbered).
 31683 | Lair:4   | 31683 ||| Stepping ~*~*~tactically~*~*~ (outnumbered).
 31685 | Lair:4   | 31685 ||| Stepping ~*~*~tactically~*~*~ (outnumbered).
 31687 | Lair:4   | 31687 ||| Stepping ~*~*~tactically~*~*~ (outnumbered).
 31689 | Lair:4   | 31689 ||| Stepping ~*~*~tactically~*~*~ (outnumbered).
 31693 | Lair:4   | 31693 ||| Stepping ~*~*~tactically~*~*~ (outnumbered).
 31695 | Lair:4   | 31695 ||| Stepping ~*~*~tactically~*~*~ (outnumbered).
 31720 | Lair:4   | 31720 ||| Stepping ~*~*~tactically~*~*~ (outnumbered).
 31722 | Lair:4   | 31722 ||| Stepping ~*~*~tactically~*~*~ (outnumbered).
 31724 | Lair:4   | 31724 ||| Stepping ~*~*~tactically~*~*~ (outnumbered).
 31738 | Lair:4   | 31738 ||| Stepping ~*~*~tactically~*~*~ (outnumbered).
 31740 | Lair:4   | 31740 ||| Stepping ~*~*~tactically~*~*~ (outnumbered).
 31767 | Lair:4   | 31767 ||| Stepping ~*~*~tactically~*~*~ (outnumbered).
 31769 | Lair:4   | 31769 ||| Stepping ~*~*~tactically~*~*~ (outnumbered).
 31771 | Lair:4   | 31771 ||| Stepping ~*~*~tactically~*~*~ (outnumbered).
 31873 | Lair:4   | 31873 ||| Stepping ~*~*~tactically~*~*~ (outnumbered).
 31875 | Lair:4   | 31875 ||| Stepping ~*~*~tactically~*~*~ (outnumbered).
 31877 | Lair:4   | 31877 ||| Stepping ~*~*~tactically~*~*~ (outnumbered).
 31879 | Lair:4   | 31879 ||| Stepping ~*~*~tactically~*~*~ (outnumbered).
 31895 | Lair:4   | 31895 ||| Stepping ~*~*~tactically~*~*~ (outnumbered).
 31912 | Lair:4   | 31912 ||| Stepping ~*~*~tactically~*~*~ (outnumbered).
 31914 | Lair:4   | 31914 ||| Stepping ~*~*~tactically~*~*~ (outnumbered).
 31916 | Lair:4   | 31916 ||| Stepping ~*~*~tactically~*~*~ (outnumbered).
 31918 | Lair:4   | 31918 ||| Stepping ~*~*~tactically~*~*~ (outnumbered).
 31924 | Lair:4   | 31924 ||| Stepping ~*~*~tactically~*~*~ (outnumbered).
 31945 | Lair:4   | 31945 ||| Stepping ~*~*~tactically~*~*~ (outnumbered).
 32056 | Lair:4   | 32056 ||| Stepping ~*~*~tactically~*~*~ (outnumbered).
 32058 | Lair:4   | 32058 ||| Stepping ~*~*~tactically~*~*~ (outnumbered).
 32076 | Lair:4   | 32076 ||| Stepping ~*~*~tactically~*~*~ (outnumbered).
 32078 | Lair:4   | 32078 ||| Stepping ~*~*~tactically~*~*~ (outnumbered).
 32080 | Lair:4   | 32080 ||| Stepping ~*~*~tactically~*~*~ (outnumbered).
 32082 | Lair:4   | 32082 ||| Stepping ~*~*~tactically~*~*~ (outnumbered).
 32101 | Lair:4   | 32101 ||| Stepping ~*~*~tactically~*~*~ (outnumbered).
 32103 | Lair:4   | 32103 ||| Stepping ~*~*~tactically~*~*~ (outnumbered).
 32105 | Lair:4   | 32105 ||| Stepping ~*~*~tactically~*~*~ (outnumbered).
 32107 | Lair:4   | 32107 ||| Stepping ~*~*~tactically~*~*~ (outnumbered).
 32109 | Lair:4   | 32109 ||| Stepping ~*~*~tactically~*~*~ (outnumbered).
 32111 | Lair:4   | 32111 ||| Stepping ~*~*~tactically~*~*~ (outnumbered).
 32113 | Lair:4   | 32113 ||| Stepping ~*~*~tactically~*~*~ (outnumbered).
 32123 | Lair:4   | 32123 ||| Stepping ~*~*~tactically~*~*~ (outnumbered).
 32233 | Lair:4   | 32233 ||| Stepping ~*~*~tactically~*~*~ (outnumbered).
 32235 | Lair:4   | 32235 ||| Stepping ~*~*~tactically~*~*~ (outnumbered).
 32245 | Lair:4   | 32245 ||| Stepping ~*~*~tactically~*~*~ (outnumbered).
 32254 | Lair:4   | 32254 ||| Stepping ~*~*~tactically~*~*~ (outnumbered).
 32272 | Lair:4   | 32272 ||| Stepping ~*~*~tactically~*~*~ (outnumbered).
 32389 | Lair:4   | 32389 ||| Stepping ~*~*~tactically~*~*~ (outnumbered).
 32391 | Lair:4   | 32391 ||| Stepping ~*~*~tactically~*~*~ (outnumbered).
 32393 | Lair:4   | 32393 ||| Stepping ~*~*~tactically~*~*~ (outnumbered).
 32395 | Lair:4   | 32395 ||| Stepping ~*~*~tactically~*~*~ (outnumbered).
 32411 | Lair:4   | 32411 ||| Stepping ~*~*~tactically~*~*~ (outnumbered).
 32413 | Lair:4   | 32413 ||| Stepping ~*~*~tactically~*~*~ (outnumbered).
 32520 | Lair:4   | 32520 ||| Stepping ~*~*~tactically~*~*~ (outnumbered).
 32522 | Lair:4   | 32522 ||| Stepping ~*~*~tactically~*~*~ (outnumbered).
 32524 | Lair:4   | 32524 ||| Stepping ~*~*~tactically~*~*~ (outnumbered).
 32526 | Lair:4   | 32526 ||| Stepping ~*~*~tactically~*~*~ (outnumbered).
 32535 | Lair:4   | 32535 ||| Stepping ~*~*~tactically~*~*~ (outnumbered).
 32537 | Lair:4   | 32537 ||| Stepping ~*~*~tactically~*~*~ (outnumbered).
 32546 | Lair:4   | 32546 ||| Stepping ~*~*~tactically~*~*~ (outnumbered).
 32576 | Lair:4   | 32576 ||| Stepping ~*~*~tactically~*~*~ (outnumbered).
 32589 | Lair:4   | 32589 ||| Stepping ~*~*~tactically~*~*~ (outnumbered).
 32591 | Lair:4   | 32591 ||| Stepping ~*~*~tactically~*~*~ (outnumbered).
 32593 | Lair:4   | 32593 ||| Stepping ~*~*~tactically~*~*~ (outnumbered).
 32595 | Lair:4   | 32595 ||| Stepping ~*~*~tactically~*~*~ (outnumbered).
 32597 | Lair:4   | 32597 ||| Stepping ~*~*~tactically~*~*~ (outnumbered).
 32599 | Lair:4   | 32599 ||| Stepping ~*~*~tactically~*~*~ (outnumbered).
 32601 | Lair:4   | 32601 ||| Stepping ~*~*~tactically~*~*~ (outnumbered).
 32704 | Lair:4   | 32704 ||| Stepping ~*~*~tactically~*~*~ (outnumbered).
 32741 | Lair:4   | 32741 ||| Stepping ~*~*~tactically~*~*~ (outnumbered).
 32743 | Lair:4   | 32743 ||| Stepping ~*~*~tactically~*~*~ (outnumbered).
 32745 | Lair:4   | 32745 ||| Stepping ~*~*~tactically~*~*~ (outnumbered).
 32747 | Lair:4   | 32747 ||| Stepping ~*~*~tactically~*~*~ (outnumbered).
 32749 | Lair:4   | 32749 ||| Stepping ~*~*~tactically~*~*~ (outnumbered).
 32770 | Lair:4   | 32770 ||| Stepping ~*~*~tactically~*~*~ (outnumbered).
 32788 | Lair:4   | 32788 ||| Stepping ~*~*~tactically~*~*~ (outnumbered).
 32790 | Lair:4   | 32790 ||| Stepping ~*~*~tactically~*~*~ (outnumbered).
 32792 | Lair:4   | 32792 ||| Stepping ~*~*~tactically~*~*~ (outnumbered).
 32797 | Lair:4   | 32797 ||| Stepping ~*~*~tactically~*~*~ (outnumbered).
 32799 | Lair:4   | 32799 ||| Stepping ~*~*~tactically~*~*~ (outnumbered).
 32827 | Lair:4   | 32827 ||| Stepping ~*~*~tactically~*~*~ (outnumbered).
 32834 | Lair:4   | 32834 ||| Stepping ~*~*~tactically~*~*~ (outnumbered).
 32836 | Lair:4   | 32836 ||| Stepping ~*~*~tactically~*~*~ (outnumbered).
 32943 | Lair:4   | 32943 ||| Stepping ~*~*~tactically~*~*~ (outnumbered).
 32961 | Lair:4   | 32961 ||| Stepping ~*~*~tactically~*~*~ (outnumbered).
 32973 | Lair:4   | 32973 ||| Stepping ~*~*~tactically~*~*~ (outnumbered).
 32975 | Lair:4   | 32975 ||| Stepping ~*~*~tactically~*~*~ (outnumbered).
 32977 | Lair:4   | 32977 ||| Stepping ~*~*~tactically~*~*~ (outnumbered).
 32979 | Lair:4   | 32979 ||| Stepping ~*~*~tactically~*~*~ (outnumbered).
 33094 | Lair:4   | 33094 ||| Stepping ~*~*~tactically~*~*~ (outnumbered).
 33096 | Lair:4   | 33096 ||| Stepping ~*~*~tactically~*~*~ (outnumbered).
 33098 | Lair:4   | 33098 ||| Stepping ~*~*~tactically~*~*~ (outnumbered).
 33100 | Lair:4   | 33100 ||| Stepping ~*~*~tactically~*~*~ (outnumbered).
 33119 | Lair:4   | 33119 ||| Stepping ~*~*~tactically~*~*~ (outnumbered).
 33140 | Lair:4   | 33140 ||| Stepping ~*~*~tactically~*~*~ (outnumbered).
 33155 | Lair:4   | 33155 ||| Stepping ~*~*~tactically~*~*~ (outnumbered).
 33260 | Lair:4   | 33260 ||| Stepping ~*~*~tactically~*~*~ (outnumbered).
 33262 | Lair:4   | 33262 ||| Stepping ~*~*~tactically~*~*~ (outnumbered).
 33277 | Lair:4   | 33277 ||| Stepping ~*~*~tactically~*~*~ (outnumbered).
 33279 | Lair:4   | 33279 ||| Stepping ~*~*~tactically~*~*~ (outnumbered).
 33281 | Lair:4   | 33281 ||| Stepping ~*~*~tactically~*~*~ (outnumbered).
 33283 | Lair:4   | 33283 ||| Stepping ~*~*~tactically~*~*~ (outnumbered).
 33301 | Lair:4   | 33301 ||| Stepping ~*~*~tactically~*~*~ (outnumbered).
 33303 | Lair:4   | 33303 ||| Stepping ~*~*~tactically~*~*~ (outnumbered).
 33305 | Lair:4   | 33305 ||| Stepping ~*~*~tactically~*~*~ (outnumbered).
 33307 | Lair:4   | 33307 ||| Stepping ~*~*~tactically~*~*~ (outnumbered).
 33422 | Lair:4   | 33422 ||| Stepping ~*~*~tactically~*~*~ (outnumbered).
 33424 | Lair:4   | 33424 ||| Stepping ~*~*~tactically~*~*~ (outnumbered).
 33527 | Lair:4   | 33527 ||| Stepping ~*~*~tactically~*~*~ (outnumbered).
 33529 | Lair:4   | 33529 ||| Stepping ~*~*~tactically~*~*~ (outnumbered).
 33531 | Lair:4   | 33531 ||| Stepping ~*~*~tactically~*~*~ (outnumbered).
 33553 | Lair:4   | 33553 ||| Stepping ~*~*~tactically~*~*~ (outnumbered).
 33655 | Lair:4   | 33655 ||| Stepping ~*~*~tactically~*~*~ (outnumbered).
 33676 | Lair:4   | 33676 ||| Stepping ~*~*~tactically~*~*~ (outnumbered).
 33678 | Lair:4   | 33678 ||| Stepping ~*~*~tactically~*~*~ (outnumbered).
 33680 | Lair:4   | 33680 ||| Stepping ~*~*~tactically~*~*~ (outnumbered).
 33682 | Lair:4   | 33682 ||| Stepping ~*~*~tactically~*~*~ (outnumbered).
 33684 | Lair:4   | 33684 ||| Stepping ~*~*~tactically~*~*~ (outnumbered).
 33693 | Lair:4   | 33693 ||| Stepping ~*~*~tactically~*~*~ (outnumbered).
 33695 | Lair:4   | 33695 ||| Stepping ~*~*~tactically~*~*~ (outnumbered).
 33809 | Lair:4   | 33809 ||| Stepping ~*~*~tactically~*~*~ (outnumbered).
 33811 | Lair:4   | 33811 ||| Stepping ~*~*~tactically~*~*~ (outnumbered).
 33913 | Lair:4   | 33913 ||| Stepping ~*~*~tactically~*~*~ (outnumbered).
 33930 | Lair:4   | 33930 ||| Stepping ~*~*~tactically~*~*~ (outnumbered).
 33932 | Lair:4   | 33932 ||| Stepping ~*~*~tactically~*~*~ (outnumbered).
 33950 | Lair:4   | 33950 ||| Stepping ~*~*~tactically~*~*~ (outnumbered).
 33952 | Lair:4   | 33952 ||| Stepping ~*~*~tactically~*~*~ (outnumbered).
 33954 | Lair:4   | 33954 ||| Stepping ~*~*~tactically~*~*~ (outnumbered).
 33956 | Lair:4   | 33956 ||| Stepping ~*~*~tactically~*~*~ (outnumbered).
 33958 | Lair:4   | 33958 ||| Stepping ~*~*~tactically~*~*~ (outnumbered).
 33960 | Lair:4   | 33960 ||| Stepping ~*~*~tactically~*~*~ (outnumbered).
 33968 | Lair:4   | 33968 ||| Stepping ~*~*~tactically~*~*~ (outnumbered).
 34005 | Lair:4   | 34005 ||| Stepping ~*~*~tactically~*~*~ (outnumbered).
 34007 | Lair:4   | 34007 ||| Stepping ~*~*~tactically~*~*~ (outnumbered).
 34023 | Lair:4   | 34023 ||| Stepping ~*~*~tactically~*~*~ (outnumbered).
 34025 | Lair:4   | 34025 ||| Stepping ~*~*~tactically~*~*~ (outnumbered).
 34027 | Lair:4   | 34027 ||| Stepping ~*~*~tactically~*~*~ (outnumbered).
 34029 | Lair:4   | 34029 ||| Stepping ~*~*~tactically~*~*~ (outnumbered).
 34046 | Lair:4   | 34046 ||| Stepping ~*~*~tactically~*~*~ (outnumbered).
 34048 | Lair:4   | 34048 ||| Stepping ~*~*~tactically~*~*~ (outnumbered).
 34056 | Lair:4   | 34056 ||| Stepping ~*~*~tactically~*~*~ (outnumbered).
 34058 | Lair:4   | 34058 ||| Stepping ~*~*~tactically~*~*~ (outnumbered).
 34060 | Lair:4   | 34060 ||| Stepping ~*~*~tactically~*~*~ (outnumbered).
 34062 | Lair:4   | 34062 ||| Stepping ~*~*~tactically~*~*~ (outnumbered).
 34064 | Lair:4   | 34064 ||| Stepping ~*~*~tactically~*~*~ (outnumbered).
 34088 | Lair:4   | 34088 ||| Stepping ~*~*~tactically~*~*~ (outnumbered).
 34097 | Lair:4   | 34097 ||| Stepping ~*~*~tactically~*~*~ (outnumbered).
 34099 | Lair:4   | 34099 ||| Stepping ~*~*~tactically~*~*~ (outnumbered).
 34117 | Lair:4   | 34117 ||| Stepping ~*~*~tactically~*~*~ (outnumbered).
 34119 | Lair:4   | 34119 ||| Stepping ~*~*~tactically~*~*~ (outnumbered).
 34121 | Lair:4   | 34121 ||| Stepping ~*~*~tactically~*~*~ (outnumbered).
 34223 | Lair:4   | 34223 ||| Stepping ~*~*~tactically~*~*~ (outnumbered).
 34257 | Lair:4   | 34257 ||| Stepping ~*~*~tactically~*~*~ (outnumbered).
 34276 | Lair:4   | 34276 ||| Stepping ~*~*~tactically~*~*~ (outnumbered).
 34278 | Lair:4   | 34278 ||| Stepping ~*~*~tactically~*~*~ (outnumbered).
 34280 | Lair:4   | 34280 ||| Stepping ~*~*~tactically~*~*~ (outnumbered).
 34382 | Lair:4   | 34382 ||| Stepping ~*~*~tactically~*~*~ (outnumbered).
 34384 | Lair:4   | 34384 ||| Stepping ~*~*~tactically~*~*~ (outnumbered).
 34386 | Lair:4   | 34386 ||| Stepping ~*~*~tactically~*~*~ (outnumbered).
 34388 | Lair:4   | 34388 ||| Stepping ~*~*~tactically~*~*~ (outnumbered).
 34390 | Lair:4   | 34390 ||| Stepping ~*~*~tactically~*~*~ (outnumbered).
 34392 | Lair:4   | 34392 ||| Stepping ~*~*~tactically~*~*~ (outnumbered).
 34394 | Lair:4   | 34394 ||| Stepping ~*~*~tactically~*~*~ (outnumbered).
 34412 | Lair:4   | 34412 ||| Stepping ~*~*~tactically~*~*~ (outnumbered).
 34414 | Lair:4   | 34414 ||| Stepping ~*~*~tactically~*~*~ (outnumbered).
 34458 | Lair:4   | 34458 ||| Stepping ~*~*~tactically~*~*~ (outnumbered).
 34460 | Lair:4   | 34460 ||| Stepping ~*~*~tactically~*~*~ (outnumbered).
 34469 | Lair:4   | 34469 ||| Stepping ~*~*~tactically~*~*~ (outnumbered).
 34471 | Lair:4   | 34471 ||| Stepping ~*~*~tactically~*~*~ (outnumbered).
 34473 | Lair:4   | 34473 ||| Stepping ~*~*~tactically~*~*~ (outnumbered).
 34475 | Lair:4   | 34475 ||| Stepping ~*~*~tactically~*~*~ (outnumbered).
 34477 | Lair:4   | 34477 ||| Stepping ~*~*~tactically~*~*~ (outnumbered).
 34486 | Lair:4   | 34486 ||| Stepping ~*~*~tactically~*~*~ (outnumbered).
 34488 | Lair:4   | 34488 ||| Stepping ~*~*~tactically~*~*~ (outnumbered).
 34490 | Lair:4   | 34490 ||| Stepping ~*~*~tactically~*~*~ (outnumbered).
 34513 | Lair:4   | 34513 ||| Stepping ~*~*~tactically~*~*~ (outnumbered).
 34515 | Lair:4   | 34515 ||| Stepping ~*~*~tactically~*~*~ (outnumbered).
 34517 | Lair:4   | 34517 ||| Stepping ~*~*~tactically~*~*~ (outnumbered).
 34519 | Lair:4   | 34519 ||| Stepping ~*~*~tactically~*~*~ (outnumbered).
 34521 | Lair:4   | 34521 ||| Stepping ~*~*~tactically~*~*~ (outnumbered).
 34633 | Lair:4   | 34633 ||| Stepping ~*~*~tactically~*~*~ (outnumbered).
 34652 | Lair:4   | 34652 ||| Stepping ~*~*~tactically~*~*~ (outnumbered).
 34673 | Lair:4   | 34673 ||| Stepping ~*~*~tactically~*~*~ (outnumbered).
 34685 | Lair:4   | 34685 ||| Stepping ~*~*~tactically~*~*~ (outnumbered).
 34788 | Lair:4   | 34788 ||| Stepping ~*~*~tactically~*~*~ (outnumbered).
 34806 | Lair:4   | 34806 ||| Stepping ~*~*~tactically~*~*~ (outnumbered).
 34814 | Lair:4   | 34814 ||| Stepping ~*~*~tactically~*~*~ (outnumbered).
 34929 | Lair:4   | 34929 ||| Stepping ~*~*~tactically~*~*~ (outnumbered).
 34931 | Lair:4   | 34931 ||| Stepping ~*~*~tactically~*~*~ (outnumbered).
 34933 | Lair:4   | 34933 ||| Stepping ~*~*~tactically~*~*~ (outnumbered).
 34935 | Lair:4   | 34935 ||| Stepping ~*~*~tactically~*~*~ (outnumbered).
 35037 | Lair:4   | 35037 ||| Stepping ~*~*~tactically~*~*~ (outnumbered).
 35148 | Lair:4   | 35148 ||| Stepping ~*~*~tactically~*~*~ (outnumbered).
 35160 | Lair:4   | 35160 ||| Stepping ~*~*~tactically~*~*~ (outnumbered).
 35254 | Lair:4   | Fell from the grace of Okawaru
 35382 | D:9      | 35382 ||| PLANNING TEMPLE
 35382 | D:9      | Became a worshipper of Warmaster Okawaru
 35492 | Temple   | 35492 ||| PLANNING LAIR
 35661 | Lair:4   | 35661 ||| Stepping ~*~*~tactically~*~*~ (outnumbered).
 35769 | Lair:4   | 35769 ||| Stepping ~*~*~tactically~*~*~ (outnumbered).
 35786 | Lair:4   | 35786 ||| Stepping ~*~*~tactically~*~*~ (outnumbered).
 35908 | Lair:4   | 35908 ||| Stepping ~*~*~tactically~*~*~ (outnumbered).
 35910 | Lair:4   | 35910 ||| Stepping ~*~*~tactically~*~*~ (outnumbered).
 35921 | Lair:4   | 35921 ||| Stepping ~*~*~tactically~*~*~ (outnumbered).
 35939 | Lair:4   | 35939 ||| Stepping ~*~*~tactically~*~*~ (outnumbered).
 35949 | Lair:4   | 35949 ||| Stepping ~*~*~tactically~*~*~ (outnumbered).
 35951 | Lair:4   | 35951 ||| Stepping ~*~*~tactically~*~*~ (outnumbered).
 35953 | Lair:4   | 35953 ||| Stepping ~*~*~tactically~*~*~ (outnumbered).
 35955 | Lair:4   | 35955 ||| Stepping ~*~*~tactically~*~*~ (outnumbered).
 36085 | Lair:4   | 36085 ||| Stepping ~*~*~tactically~*~*~ (outnumbered).
 36187 | Lair:4   | 36187 ||| Stepping ~*~*~tactically~*~*~ (outnumbered).
 36189 | Lair:4   | 36189 ||| Stepping ~*~*~tactically~*~*~ (outnumbered).
 36191 | Lair:4   | 36191 ||| Stepping ~*~*~tactically~*~*~ (outnumbered).
 36193 | Lair:4   | 36193 ||| Stepping ~*~*~tactically~*~*~ (outnumbered).
 36213 | Lair:4   | 36213 ||| Stepping ~*~*~tactically~*~*~ (outnumbered).
 36215 | Lair:4   | 36215 ||| Stepping ~*~*~tactically~*~*~ (outnumbered).
 36217 | Lair:4   | 36217 ||| Stepping ~*~*~tactically~*~*~ (outnumbered).
 36236 | Lair:4   | 36236 ||| Stepping ~*~*~tactically~*~*~ (outnumbered).
 36257 | Lair:4   | 36257 ||| Stepping ~*~*~tactically~*~*~ (outnumbered).
 36267 | Lair:4   | 36267 ||| Stepping ~*~*~tactically~*~*~ (outnumbered).
 36369 | Lair:4   | 36369 ||| Stepping ~*~*~tactically~*~*~ (outnumbered).
 36384 | Lair:4   | 36384 ||| Stepping ~*~*~tactically~*~*~ (outnumbered).
 36386 | Lair:4   | 36386 ||| Stepping ~*~*~tactically~*~*~ (outnumbered).
 36493 | Lair:4   | 36493 ||| Stepping ~*~*~tactically~*~*~ (outnumbered).
 36495 | Lair:4   | 36495 ||| Stepping ~*~*~tactically~*~*~ (outnumbered).
 36497 | Lair:4   | 36497 ||| Stepping ~*~*~tactically~*~*~ (outnumbered).
 36499 | Lair:4   | 36499 ||| Stepping ~*~*~tactically~*~*~ (outnumbered).
 36601 | Lair:4   | 36601 ||| Stepping ~*~*~tactically~*~*~ (outnumbered).
 36670 | Lair:4   | Glimpsed the power of Zot.
 36672 | Lair:4   | 36672 ||| Stepping ~*~*~tactically~*~*~ (outnumbered).
 36674 | Lair:4   | 36674 ||| Stepping ~*~*~tactically~*~*~ (outnumbered).
 36676 | Lair:4   | 36676 ||| Stepping ~*~*~tactically~*~*~ (outnumbered).
 36678 | Lair:4   | 36678 ||| Stepping ~*~*~tactically~*~*~ (outnumbered).
 36680 | Lair:4   | 36680 ||| Stepping ~*~*~tactically~*~*~ (outnumbered).
 36682 | Lair:4   | 36682 ||| Stepping ~*~*~tactically~*~*~ (outnumbered).
 36684 | Lair:4   | 36684 ||| Stepping ~*~*~tactically~*~*~ (outnumbered).
 36686 | Lair:4   | 36686 ||| Stepping ~*~*~tactically~*~*~ (outnumbered).
 36688 | Lair:4   | 36688 ||| Stepping ~*~*~tactically~*~*~ (outnumbered).
 36707 | Lair:4   | 36707 ||| Stepping ~*~*~tactically~*~*~ (outnumbered).
 36726 | Lair:4   | 36726 ||| Stepping ~*~*~tactically~*~*~ (outnumbered).
 36728 | Lair:4   | 36728 ||| Stepping ~*~*~tactically~*~*~ (outnumbered).
 36753 | Lair:4   | 36753 ||| Stepping ~*~*~tactically~*~*~ (outnumbered).
 36778 | Lair:4   | 36778 ||| Stepping ~*~*~tactically~*~*~ (outnumbered).
 36780 | Lair:4   | 36780 ||| Stepping ~*~*~tactically~*~*~ (outnumbered).
 36789 | Lair:4   | 36789 ||| Stepping ~*~*~tactically~*~*~ (outnumbered).
 36791 | Lair:4   | 36791 ||| Stepping ~*~*~tactically~*~*~ (outnumbered).
 36815 | Lair:4   | 36815 ||| Stepping ~*~*~tactically~*~*~ (outnumbered).
 36817 | Lair:4   | 36817 ||| Stepping ~*~*~tactically~*~*~ (outnumbered).
 36852 | Lair:4   | 36852 ||| Stepping ~*~*~tactically~*~*~ (outnumbered).
 36863 | Lair:4   | 36863 ||| Stepping ~*~*~tactically~*~*~ (outnumbered).
 36865 | Lair:4   | 36865 ||| Stepping ~*~*~tactically~*~*~ (outnumbered).
 36867 | Lair:4   | 36867 ||| Stepping ~*~*~tactically~*~*~ (outnumbered).
 36869 | Lair:4   | 36869 ||| Stepping ~*~*~tactically~*~*~ (outnumbered).
 36871 | Lair:4   | 36871 ||| Stepping ~*~*~tactically~*~*~ (outnumbered).
 36873 | Lair:4   | 36873 ||| Stepping ~*~*~tactically~*~*~ (outnumbered).
 36875 | Lair:4   | 36875 ||| Stepping ~*~*~tactically~*~*~ (outnumbered).
 36889 | Lair:4   | 36889 ||| Stepping ~*~*~tactically~*~*~ (outnumbered).
 36891 | Lair:4   | 36891 ||| Stepping ~*~*~tactically~*~*~ (outnumbered).
 36893 | Lair:4   | 36893 ||| Stepping ~*~*~tactically~*~*~ (outnumbered).
 36907 | Lair:4   | 36907 ||| Stepping ~*~*~tactically~*~*~ (outnumbered).
 36909 | Lair:4   | 36909 ||| Stepping ~*~*~tactically~*~*~ (outnumbered).
 36911 | Lair:4   | 36911 ||| Stepping ~*~*~tactically~*~*~ (outnumbered).
 36929 | Lair:4   | 36929 ||| Stepping ~*~*~tactically~*~*~ (outnumbered).
 36931 | Lair:4   | 36931 ||| Stepping ~*~*~tactically~*~*~ (outnumbered).
 36933 | Lair:4   | 36933 ||| Stepping ~*~*~tactically~*~*~ (outnumbered).
 36951 | Lair:4   | 36951 ||| Stepping ~*~*~tactically~*~*~ (outnumbered).
 36953 | Lair:4   | 36953 ||| Stepping ~*~*~tactically~*~*~ (outnumbered).
 36955 | Lair:4   | 36955 ||| Stepping ~*~*~tactically~*~*~ (outnumbered).
 36971 | Lair:4   | 36971 ||| Stepping ~*~*~tactically~*~*~ (outnumbered).
 36973 | Lair:4   | 36973 ||| Stepping ~*~*~tactically~*~*~ (outnumbered).
 36988 | Lair:4   | 36988 ||| Stepping ~*~*~tactically~*~*~ (outnumbered).
 36990 | Lair:4   | 36990 ||| Stepping ~*~*~tactically~*~*~ (outnumbered).
 36992 | Lair:4   | 36992 ||| Stepping ~*~*~tactically~*~*~ (outnumbered).
 37002 | Lair:4   | 37002 ||| Stepping ~*~*~tactically~*~*~ (outnumbered).
 37053 | Lair:4   | 37053 ||| Stepping ~*~*~tactically~*~*~ (outnumbered).
 37055 | Lair:4   | 37055 ||| Stepping ~*~*~tactically~*~*~ (outnumbered).
 37069 | Lair:4   | 37069 ||| Stepping ~*~*~tactically~*~*~ (outnumbered).
 37071 | Lair:4   | 37071 ||| Stepping ~*~*~tactically~*~*~ (outnumbered).
 37078 | Lair:4   | 37078 ||| Stepping ~*~*~tactically~*~*~ (outnumbered).
 37080 | Lair:4   | 37080 ||| Stepping ~*~*~tactically~*~*~ (outnumbered).
 37082 | Lair:4   | 37082 ||| Stepping ~*~*~tactically~*~*~ (outnumbered).
 37085 | Lair:4   | 37085 ||| Stepping ~*~*~tactically~*~*~ (outnumbered).
 37087 | Lair:4   | 37087 ||| Stepping ~*~*~tactically~*~*~ (outnumbered).
 37089 | Lair:4   | 37089 ||| Stepping ~*~*~tactically~*~*~ (outnumbered).
 37105 | Lair:4   | 37105 ||| Stepping ~*~*~tactically~*~*~ (outnumbered).
 37115 | Lair:4   | 37115 ||| Stepping ~*~*~tactically~*~*~ (outnumbered).
 37117 | Lair:4   | 37117 ||| Stepping ~*~*~tactically~*~*~ (outnumbered).
 37119 | Lair:4   | 37119 ||| Stepping ~*~*~tactically~*~*~ (outnumbered).
 37121 | Lair:4   | 37121 ||| Stepping ~*~*~tactically~*~*~ (outnumbered).
 37123 | Lair:4   | 37123 ||| Stepping ~*~*~tactically~*~*~ (outnumbered).
 37125 | Lair:4   | 37125 ||| Stepping ~*~*~tactically~*~*~ (outnumbered).
 37127 | Lair:4   | 37127 ||| Stepping ~*~*~tactically~*~*~ (outnumbered).
 37146 | Lair:4   | 37146 ||| Stepping ~*~*~tactically~*~*~ (outnumbered).
 37148 | Lair:4   | 37148 ||| Stepping ~*~*~tactically~*~*~ (outnumbered).
 37165 | Lair:4   | 37165 ||| Stepping ~*~*~tactically~*~*~ (outnumbered).
 37167 | Lair:4   | 37167 ||| Stepping ~*~*~tactically~*~*~ (outnumbered).
 37169 | Lair:4   | 37169 ||| Stepping ~*~*~tactically~*~*~ (outnumbered).
 37170 | Lair:4   | Glimpsed the power of Zot.
 37196 | Lair:4   | 37196 ||| Stepping ~*~*~tactically~*~*~ (outnumbered).
 37198 | Lair:4   | 37198 ||| Stepping ~*~*~tactically~*~*~ (outnumbered).
 37200 | Lair:4   | 37200 ||| Stepping ~*~*~tactically~*~*~ (outnumbered).
 37206 | Lair:4   | 37206 ||| Stepping ~*~*~tactically~*~*~ (outnumbered).
 37224 | Lair:4   | 37224 ||| Stepping ~*~*~tactically~*~*~ (outnumbered).
 37226 | Lair:4   | 37226 ||| Stepping ~*~*~tactically~*~*~ (outnumbered).
 37228 | Lair:4   | 37228 ||| Stepping ~*~*~tactically~*~*~ (outnumbered).
 37230 | Lair:4   | 37230 ||| Stepping ~*~*~tactically~*~*~ (outnumbered).
 37232 | Lair:4   | 37232 ||| Stepping ~*~*~tactically~*~*~ (outnumbered).
 37254 | Lair:4   | 37254 ||| Stepping ~*~*~tactically~*~*~ (outnumbered).
 37256 | Lair:4   | 37256 ||| Stepping ~*~*~tactically~*~*~ (outnumbered).
 37266 | Lair:4   | 37266 ||| Stepping ~*~*~tactically~*~*~ (outnumbered).
 37268 | Lair:4   | 37268 ||| Stepping ~*~*~tactically~*~*~ (outnumbered).
 37282 | Lair:4   | 37282 ||| Stepping ~*~*~tactically~*~*~ (outnumbered).
 37284 | Lair:4   | 37284 ||| Stepping ~*~*~tactically~*~*~ (outnumbered).
 37301 | Lair:4   | 37301 ||| Stepping ~*~*~tactically~*~*~ (outnumbered).
 37303 | Lair:4   | 37303 ||| Stepping ~*~*~tactically~*~*~ (outnumbered).
 37317 | Lair:4   | 37317 ||| Stepping ~*~*~tactically~*~*~ (outnumbered).
 37343 | Lair:4   | 37343 ||| Stepping ~*~*~tactically~*~*~ (outnumbered).
 37345 | Lair:4   | 37345 ||| Stepping ~*~*~tactically~*~*~ (outnumbered).
 37387 | Lair:4   | 37387 ||| Stepping ~*~*~tactically~*~*~ (outnumbered).
 37415 | Lair:4   | 37415 ||| Stepping ~*~*~tactically~*~*~ (outnumbered).
 37417 | Lair:4   | 37417 ||| Stepping ~*~*~tactically~*~*~ (outnumbered).
 37419 | Lair:4   | 37419 ||| Stepping ~*~*~tactically~*~*~ (outnumbered).
 37421 | Lair:4   | 37421 ||| Stepping ~*~*~tactically~*~*~ (outnumbered).
 37434 | Lair:4   | 37434 ||| Stepping ~*~*~tactically~*~*~ (outnumbered).
 37448 | Lair:4   | 37448 ||| Stepping ~*~*~tactically~*~*~ (outnumbered).
 37450 | Lair:4   | 37450 ||| Stepping ~*~*~tactically~*~*~ (outnumbered).
 37452 | Lair:4   | 37452 ||| Stepping ~*~*~tactically~*~*~ (outnumbered).
 37454 | Lair:4   | 37454 ||| Stepping ~*~*~tactically~*~*~ (outnumbered).
 37470 | Lair:4   | 37470 ||| Stepping ~*~*~tactically~*~*~ (outnumbered).
 37485 | Lair:4   | 37485 ||| Stepping ~*~*~tactically~*~*~ (outnumbered).
 37487 | Lair:4   | 37487 ||| Stepping ~*~*~tactically~*~*~ (outnumbered).
 37489 | Lair:4   | 37489 ||| Stepping ~*~*~tactically~*~*~ (outnumbered).
 37507 | Lair:4   | 37507 ||| Stepping ~*~*~tactically~*~*~ (outnumbered).
 37534 | Lair:4   | 37534 ||| Stepping ~*~*~tactically~*~*~ (outnumbered).
 37536 | Lair:4   | 37536 ||| Stepping ~*~*~tactically~*~*~ (outnumbered).
 37538 | Lair:4   | 37538 ||| Stepping ~*~*~tactically~*~*~ (outnumbered).
 37553 | Lair:4   | 37553 ||| Stepping ~*~*~tactically~*~*~ (outnumbered).
 37567 | Lair:4   | 37567 ||| Stepping ~*~*~tactically~*~*~ (outnumbered).
 37569 | Lair:4   | 37569 ||| Stepping ~*~*~tactically~*~*~ (outnumbered).
 37570 | Lair:4   | Glimpsed the power of Zot.
 37583 | Lair:4   | 37583 ||| Stepping ~*~*~tactically~*~*~ (outnumbered).
 37598 | Lair:4   | 37598 ||| Stepping ~*~*~tactically~*~*~ (outnumbered).
 37623 | Lair:4   | 37623 ||| Stepping ~*~*~tactically~*~*~ (outnumbered).
 37637 | Lair:4   | 37637 ||| Stepping ~*~*~tactically~*~*~ (outnumbered).
 37653 | Lair:4   | 37653 ||| Stepping ~*~*~tactically~*~*~ (outnumbered).
 37655 | Lair:4   | 37655 ||| Stepping ~*~*~tactically~*~*~ (outnumbered).
 37670 | Lair:4   | Touched by the power of Zot.
 37671 | Lair:4   | Glimpsed the power of Zot.
 37672 | Lair:4   | 37672 ||| Stepping ~*~*~tactically~*~*~ (outnumbered).
 37688 | Lair:4   | 37688 ||| Stepping ~*~*~tactically~*~*~ (outnumbered).
 37702 | Lair:4   | 37702 ||| Stepping ~*~*~tactically~*~*~ (outnumbered).
 37719 | Lair:4   | 37719 ||| Stepping ~*~*~tactically~*~*~ (outnumbered).
 37764 | Lair:4   | 37764 ||| Stepping ~*~*~tactically~*~*~ (outnumbered).
 37766 | Lair:4   | 37766 ||| Stepping ~*~*~tactically~*~*~ (outnumbered).
 37780 | Lair:4   | 37780 ||| Stepping ~*~*~tactically~*~*~ (outnumbered).
 37799 | Lair:4   | 37799 ||| Stepping ~*~*~tactically~*~*~ (outnumbered).
 37801 | Lair:4   | 37801 ||| Stepping ~*~*~tactically~*~*~ (outnumbered).
 37803 | Lair:4   | 37803 ||| Stepping ~*~*~tactically~*~*~ (outnumbered).
 37805 | Lair:4   | 37805 ||| Stepping ~*~*~tactically~*~*~ (outnumbered).
 37807 | Lair:4   | 37807 ||| Stepping ~*~*~tactically~*~*~ (outnumbered).
 37809 | Lair:4   | 37809 ||| Stepping ~*~*~tactically~*~*~ (outnumbered).
 37827 | Lair:4   | 37827 ||| Stepping ~*~*~tactically~*~*~ (outnumbered).
 37829 | Lair:4   | 37829 ||| Stepping ~*~*~tactically~*~*~ (outnumbered).
 37831 | Lair:4   | 37831 ||| Stepping ~*~*~tactically~*~*~ (outnumbered).
 37847 | Lair:4   | 37847 ||| Stepping ~*~*~tactically~*~*~ (outnumbered).
 37849 | Lair:4   | 37849 ||| Stepping ~*~*~tactically~*~*~ (outnumbered).
 37876 | Lair:4   | 37876 ||| Stepping ~*~*~tactically~*~*~ (outnumbered).
 37892 | Lair:4   | 37892 ||| Stepping ~*~*~tactically~*~*~ (outnumbered).
 37894 | Lair:4   | 37894 ||| Stepping ~*~*~tactically~*~*~ (outnumbered).
 37896 | Lair:4   | 37896 ||| Stepping ~*~*~tactically~*~*~ (outnumbered).
 37915 | Lair:4   | 37915 ||| Stepping ~*~*~tactically~*~*~ (outnumbered).
 37952 | Lair:4   | 37952 ||| Stepping ~*~*~tactically~*~*~ (outnumbered).
 37957 | Lair:4   | 37957 ||| Stepping ~*~*~tactically~*~*~ (outnumbered).
 37989 | Lair:4   | 37989 ||| Stepping ~*~*~tactically~*~*~ (outnumbered).
 37991 | Lair:4   | 37991 ||| Stepping ~*~*~tactically~*~*~ (outnumbered).
 37993 | Lair:4   | 37993 ||| Stepping ~*~*~tactically~*~*~ (outnumbered).
 37995 | Lair:4   | 37995 ||| Stepping ~*~*~tactically~*~*~ (outnumbered).
 38025 | Lair:4   | 38025 ||| Stepping ~*~*~tactically~*~*~ (outnumbered).
 38027 | Lair:4   | 38027 ||| Stepping ~*~*~tactically~*~*~ (outnumbered).
 38052 | Lair:4   | 38052 ||| Stepping ~*~*~tactically~*~*~ (outnumbered).
 38080 | Lair:4   | 38080 ||| Stepping ~*~*~tactically~*~*~ (outnumbered).
 38082 | Lair:4   | 38082 ||| Stepping ~*~*~tactically~*~*~ (outnumbered).
 38097 | Lair:4   | 38097 ||| Stepping ~*~*~tactically~*~*~ (outnumbered).
 38105 | Lair:4   | 38105 ||| Stepping ~*~*~tactically~*~*~ (outnumbered).
 38107 | Lair:4   | 38107 ||| Stepping ~*~*~tactically~*~*~ (outnumbered).
 38122 | Lair:4   | 38122 ||| Stepping ~*~*~tactically~*~*~ (outnumbered).
 38146 | Lair:4   | 38146 ||| Stepping ~*~*~tactically~*~*~ (outnumbered).
 38160 | Lair:4   | 38160 ||| Stepping ~*~*~tactically~*~*~ (outnumbered).
 38171 | Lair:4   | Glimpsed the power of Zot.
 38172 | Lair:4   | 38172 ||| Stepping ~*~*~tactically~*~*~ (outnumbered).
 38174 | Lair:4   | 38174 ||| Stepping ~*~*~tactically~*~*~ (outnumbered).
 38176 | Lair:4   | 38176 ||| Stepping ~*~*~tactically~*~*~ (outnumbered).
 38202 | Lair:4   | 38202 ||| Stepping ~*~*~tactically~*~*~ (outnumbered).
 38204 | Lair:4   | 38204 ||| Stepping ~*~*~tactically~*~*~ (outnumbered).
 38206 | Lair:4   | 38206 ||| Stepping ~*~*~tactically~*~*~ (outnumbered).
 38229 | Lair:4   | 38229 ||| Stepping ~*~*~tactically~*~*~ (outnumbered).
 38256 | Lair:4   | 38256 ||| Stepping ~*~*~tactically~*~*~ (outnumbered).
 38258 | Lair:4   | 38258 ||| Stepping ~*~*~tactically~*~*~ (outnumbered).
 38266 | Lair:4   | 38266 ||| Stepping ~*~*~tactically~*~*~ (outnumbered).
 38281 | Lair:4   | 38281 ||| Stepping ~*~*~tactically~*~*~ (outnumbered).
 38283 | Lair:4   | 38283 ||| Stepping ~*~*~tactically~*~*~ (outnumbered).
 38307 | Lair:4   | 38307 ||| Stepping ~*~*~tactically~*~*~ (outnumbered).
 38309 | Lair:4   | 38309 ||| Stepping ~*~*~tactically~*~*~ (outnumbered).
 38311 | Lair:4   | 38311 ||| Stepping ~*~*~tactically~*~*~ (outnumbered).
 38313 | Lair:4   | 38313 ||| Stepping ~*~*~tactically~*~*~ (outnumbered).
 38350 | Lair:4   | 38350 ||| Stepping ~*~*~tactically~*~*~ (outnumbered).
 38365 | Lair:4   | 38365 ||| Stepping ~*~*~tactically~*~*~ (outnumbered).
 38367 | Lair:4   | 38367 ||| Stepping ~*~*~tactically~*~*~ (outnumbered).
 38382 | Lair:4   | 38382 ||| Stepping ~*~*~tactically~*~*~ (outnumbered).
 38384 | Lair:4   | 38384 ||| Stepping ~*~*~tactically~*~*~ (outnumbered).
 38405 | Lair:4   | 38405 ||| Stepping ~*~*~tactically~*~*~ (outnumbered).
 38420 | Lair:4   | 38420 ||| Stepping ~*~*~tactically~*~*~ (outnumbered).
 38430 | Lair:4   | 38430 ||| Stepping ~*~*~tactically~*~*~ (outnumbered).
 38445 | Lair:4   | 38445 ||| Stepping ~*~*~tactically~*~*~ (outnumbered).
 38447 | Lair:4   | 38447 ||| Stepping ~*~*~tactically~*~*~ (outnumbered).
 38449 | Lair:4   | 38449 ||| Stepping ~*~*~tactically~*~*~ (outnumbered).
 38451 | Lair:4   | 38451 ||| Stepping ~*~*~tactically~*~*~ (outnumbered).
 38453 | Lair:4   | 38453 ||| Stepping ~*~*~tactically~*~*~ (outnumbered).
 38459 | Lair:4   | 38459 ||| Stepping ~*~*~tactically~*~*~ (outnumbered).
 38461 | Lair:4   | 38461 ||| Stepping ~*~*~tactically~*~*~ (outnumbered).
 38479 | Lair:4   | 38479 ||| Stepping ~*~*~tactically~*~*~ (outnumbered).
 38481 | Lair:4   | 38481 ||| Stepping ~*~*~tactically~*~*~ (outnumbered).
 38498 | Lair:4   | 38498 ||| Stepping ~*~*~tactically~*~*~ (outnumbered).
 38523 | Lair:4   | 38523 ||| Stepping ~*~*~tactically~*~*~ (outnumbered).
 38540 | Lair:4   | 38540 ||| Stepping ~*~*~tactically~*~*~ (outnumbered).
 38542 | Lair:4   | 38542 ||| Stepping ~*~*~tactically~*~*~ (outnumbered).
 38544 | Lair:4   | 38544 ||| Stepping ~*~*~tactically~*~*~ (outnumbered).
 38548 | Lair:4   | 38548 ||| Stepping ~*~*~tactically~*~*~ (outnumbered).
 38550 | Lair:4   | 38550 ||| Stepping ~*~*~tactically~*~*~ (outnumbered).
 38569 | Lair:4   | 38569 ||| Stepping ~*~*~tactically~*~*~ (outnumbered).
 38571 | Lair:4   | 38571 ||| Stepping ~*~*~tactically~*~*~ (outnumbered).
 38571 | Lair:4   | Glimpsed the power of Zot.
 38588 | Lair:4   | 38588 ||| Stepping ~*~*~tactically~*~*~ (outnumbered).
 38602 | Lair:4   | 38602 ||| Stepping ~*~*~tactically~*~*~ (outnumbered).
 38619 | Lair:4   | 38619 ||| Stepping ~*~*~tactically~*~*~ (outnumbered).
 38634 | Lair:4   | 38634 ||| Stepping ~*~*~tactically~*~*~ (outnumbered).
 38652 | Lair:4   | 38652 ||| Stepping ~*~*~tactically~*~*~ (outnumbered).
 38654 | Lair:4   | 38654 ||| Stepping ~*~*~tactically~*~*~ (outnumbered).
 38670 | Lair:4   | Touched by the power of Zot.
 38670 | Lair:4   | HP: 7/34 [oklob plant/splash of acid (13)]
 38671 | Lair:4   | 38671 ||| READING scroll of teleportation.
 38671 | Lair:4   | Glimpsed the power of Zot.
 38672 | Lair:4   | 38672 ||| DRINKING 3 potions of heal wounds.
 38673 | Lair:4   | 38673 ||| Stepping ~*~*~tactically~*~*~ (outnumbered).
 38764 | Lair:4   | 38764 ||| Stepping ~*~*~tactically~*~*~ (outnumbered).
 38793 | Lair:4   | 38793 ||| Stepping ~*~*~tactically~*~*~ (outnumbered).
 38795 | Lair:4   | 38795 ||| Stepping ~*~*~tactically~*~*~ (outnumbered).
 38797 | Lair:4   | 38797 ||| Stepping ~*~*~tactically~*~*~ (outnumbered).
 38814 | Lair:4   | 38814 ||| Stepping ~*~*~tactically~*~*~ (outnumbered).
 38828 | Lair:4   | 38828 ||| Stepping ~*~*~tactically~*~*~ (outnumbered).
 38830 | Lair:4   | 38830 ||| Stepping ~*~*~tactically~*~*~ (outnumbered).
 38859 | Lair:4   | 38859 ||| Stepping ~*~*~tactically~*~*~ (outnumbered).
 38861 | Lair:4   | 38861 ||| Stepping ~*~*~tactically~*~*~ (outnumbered).
 38863 | Lair:4   | 38863 ||| Stepping ~*~*~tactically~*~*~ (outnumbered).
 38864 | Lair:4   | Killed from afar by an oklob plant

Levels and vault maps discovered:
D:1:      eino_arrival_cavern_b, layout_basic, st_stairs_12, minmay_tetromino_s2
D:2:      layout_basic, ebering_ecumenical_altar_sacrificial, serial_shops,
          shop, kennysheep_generic_room_7
D:3:      layout_basic, chequers_temple_overflow_minitemple, uniq_robin
D:4:      layout_basic, fiery_altar_vehumet, mainiacjoe_overflow_paths,
          nicolae_overflow_two_pavilions, ashenzari_altar_1,
          grunt_ministairs_11, uniq_grinder, uniq_duvessa, uniq_menkaure
D:5:      layout_rooms, mainiacjoe_overflow_cross_hatched, temple_fountains,
          uniq_eustachio, uniq_prince_ribbit1
D:6:      layout_basic, grunt_qazlal_sundering
D:7:      layout_loops_ring, cheibriados_altar_1, enter_bailey_4,
          minmay_fractal_squares_diagonal_5
D:8:      layout_cave_pools, serial_shops, shop_coins
D:9:      layout_loops_cross, kennysheep_little_box, dpeg_lair_monsters,
          david_orc_3, uniq_erolcha
Temple:   nicolae_temple_figure_zero
Lair:1:   layout_gridlike, uniq_maggie
Lair:2:   layout_cellular_growth, infiniplex_staircase_pool, grunt_megastairs_4,
          lemuel_fruit_fields
Lair:3:   regret_index_wax_grids, layout_regular_city,
          minmay_shoals_entry_lonely_mermaid, dummy_snake_entry,
          lemuel_fruit_fields, infiniplex_staircase_pool_2
Lair:4:   layout_gridlike, gammafunk_ghost_cemetery, hangedman_tree_tricks,
          grunt_megastairs_5
Lair:5:   evilmike_catoblepas_cave, layout_cave_pods, slime_entry_1,
          lemuel_fruit_fields

Skill      XL: |  1  2  3  4  5  6  7  8  9 10 11 12 13 |
---------------+----------------------------------------+-----
Unarmed Combat | 4 6 7 9 10 12 14 16 17 | 17.2
Armour         | 1 2 3 4 |  4.0
Fighting       | 3 4 5 6 7 |  7.1
Throwing       | 1 |  1.2
Dodging        | 1 2 |  2.0
Shields        | 3 9 10 11 | 11.5
Invocations    | 4 |  4.3
Spellcasting   | |  1.0
Fire Magic     | |  2.1

Action                   |  1- 3 |  4- 6 |  7- 9 | 10-12 | 13-15 || total
-------------------------+-------+-------+-------+-------+-------++-------
Melee: Unarmed           |    89 |    88 |   280 |   496 |   225 ||  1178
       Punch             |     2 |     2 |     9 |       |       ||    13
Throw: Boomerang         |       |       |    45 |    49 |       ||    94
Invok: Fiery Armour      |     1 |     2 |     4 |     6 |       ||    13
       Heroism           |       |       |       |       |    49 ||    49
  Use: Scroll            |     5 |     8 |     6 |     9 |     1 ||    29
       Potion            |       |     3 |     1 |     5 |     1 ||    10
Armor: Robe              |    29 |    28 |       |       |       ||    57
       Ice dragon scales |       |    11 |   249 |   263 |   153 ||   676
Dodge: Dodged            |    35 |    27 |    94 |   226 |   147 ||   529
Block: Kite shield       |       |       |    19 |   214 |   155 ||   388

Table legend:
 A = Non-vault XP
 B = Vault XP
 C = Vault XP percentage of total XP
 D = Non-vault monster count
 E = Vault monster count
 F = Vault count percentage of total count
                 A         B        C        D         E       F
            +---------+---------+-------+---------+---------+-------
      Total |   40050 |   15782 |  28.3 |     307 |      99 |  24.4
            +---------+---------+-------+---------+---------+-------
        D:1 |      36 |       8 |  18.2 |      20 |       4 |  16.7
        D:2 |     119 |       4 |   3.3 |      27 |       2 |   6.9
        D:3 |     170 |      37 |  17.9 |      16 |      12 |  42.9
        D:4 |     484 |     805 |  62.5 |      26 |       6 |  18.8
        D:5 |     412 |     483 |  54.0 |      19 |       2 |   9.5
        D:6 |     745 |       0 |   0.0 |      17 |       0 |   0.0
        D:7 |    1262 |     246 |  16.3 |      29 |      10 |  25.6
        D:8 |     784 |       0 |   0.0 |      17 |       0 |   0.0
        D:9 |    1708 |    6847 |  80.0 |      20 |      13 |  39.4
     Lair:1 |    4387 |     389 |   8.1 |      14 |       1 |   6.7
     Lair:2 |    5591 |     237 |   4.1 |      21 |       2 |   8.7
     Lair:3 |    5957 |    6641 |  52.7 |      25 |      46 |  64.8
     Lair:4 |    6236 |      85 |   1.3 |      28 |       1 |   3.4
     Lair:5 |   12159 |       0 |   0.0 |      28 |       0 |   0.0
            +---------+---------+-------+---------+---------+-------
